 Dungeon Crawl Stone Soup version 0.31-a0-986-g5e6e4ef867 (webtiles) character file.

Game seed: 7612708023592270601

1588187 Skeral the Intangible (level 27, 193/193 HPs)
             Began as a Felid Cinder Acolyte on Nov 18, 2023.
             Was a Believer of Ignis.
             Escaped with the Orb
             ... and 3 runes on Nov 19, 2023!
             The game lasted 03:53:48 (79925 turns).

Skeral the Intangible (Felid Cinder Acolyte)       Turns: 79925, Time: 03:53:49

Health: 193/193    AC: 35    Str:  9    XL:     27
Magic:  36/36      EV: 51    Int: 21    God:    Ignis [**....]
Gold:   6268       SH:  0    Dex: 27    Spells: 25/42 levels left
                                        Lives:  2   Deaths: 3

rFire   + +          .
                       - Unarmed
rCold   + . .        (shield unavailable)
rNeg    + + .        (body armour unavailable)
rPois   ∞            (helmet unavailable)
rElec   +            (cloak unavailable)
rCorr   .            (gloves unavailable)
SInv    +            (boots unavailable)
Will    +++++        Z - amulet of the Four Winds {rN+ Will+++ Clar}
Stlth   ++           u - ring of Fun {rPois rF+ AC+4}
HPRegen 0.52/turn    c - ring of protection from cold
MPRegen 0.25/turn

%: clarity
@: statue-form, studying 3 skills, very slow
A: slow and powerful, torment resistance 1, boosted hp, very small, claws 1,
fangs 3, see invisible, (speed 1), (shaggy fur 3), stealthy paws, no weapons or
thrown items, no armour, multi-lived, (iridescent scales 1), thin skeletal
structure 2, berserk 1, clever 1, screaming 1
0: Orb of Zot
}: 3/15 runes: decaying, serpentine, slimy
a: Begin Untransformation, Renounce Religion, Fiery Armour, Foxfire Swarm


You escaped.
You worshipped Ignis.
Ignis was pleased with you.
You were a living statue of rough stone.
You visited 10 branches of the dungeon, and saw 51 of its levels.
You also visited: Gauntlet and Wizlab.

You collected 8682 gold pieces.
You spent 2414 gold pieces at shops.


Innate Abilities, Weirdness & Mutations

You are a living statue of rough stone.
Your actions are slow, but your melee attacks are powerful.
You are resistant to unholy torment.
Your maximum health is greatly increased.
You are immune to poison.
You have sharp claws.
You have razor-sharp teeth.
You have supernaturally acute eyesight. (SInv)
((You cover ground quickly. (Speed+)))
((Your thick and shaggy fur keeps you warm. (AC +3, rC+)))
Your paws help you pounce on unaware monsters.
You are incapable of wielding weapons or throwing items.
You cannot wear armour.
You gain extra lives every three experience levels.
((You are partially covered in iridescent scales. (AC +2)))
You have a moderately thin skeletal structure. (Dex +4, Stealth++)
You sometimes lose your temper in combat.
Your mind is acute. (Int +4, Str/Dex -1)
You occasionally shout uncontrollably at your foes.


   Skills:
 O Level 27 Fighting
 O Level 27 Dodging
 - Level 6.0 Stealth
 + Level 26.0 Unarmed Combat
 - Level 8.0 Spellcasting
 - Level 8.0 Hexes
 - Level 15.0 Translocations
 - Level 5.0 Fire Magic
 - Level 1.0 Ice Magic
 - Level 7.4 Air Magic
 + Level 11.3 Evocations
 - Level 20.0 Shapeshifting


You had 25 spell levels left.
You knew the following spells:

 Your Spells              Type           Power      Damage    Failure   Level
a - Apportation           Tloc           100%       N/A       0%          1
b - Blink                 Tloc           100%       N/A       1%          2
e - Ensorcelled Hibernat  Hex/Ice        54%        N/A       1%          2
f - Manifold Assault      Tloc           63%        N/A       1%          4
l - Lesser Beckoning      Tloc           100%       N/A       1%          2
s - Scorch                Fire           58%        2d7       1%          2
v - Vhi's Electric Charg  Tloc/Air       100%       N/A       1%          4

Your spell library contained the following spells:

 Spells                   Type           Power      Damage    Failure   Level
 Slow                     Hex            100%       N/A       1%          1
 Jinxbite                 Hex            84%        N/A       1%          2
 Momentum Strike          Conj/Tloc      78%        3d10      1%          2
 Confusing Touch          Hex            42%        N/A       1%          3
 Inner Flame              Hex/Fire       35%        N/A       1%          3
 Sigil of Binding         Hex            42%        N/A       1%          3
 Tukima's Dance           Hex            42%        N/A       1%          3
 Volatile Blastmotes      Fire/Tloc      100%       2d18      1%          3
 Passage of Golubria      Tloc           63%        N/A       1%          4
 Poisonous Vapours        Pois/Air       46%        N/A       2%          2
 Static Discharge         Conj/Air       46%        3-5/arc   2%          2
 Airstrike                Air            19%        2d(3-19)  3%          4
 Cause Fear               Hex            21%        N/A       3%          4
 Cigotuvi's Dreadful Rot  Necr/Pois/Air  36%        N/A       4%          2
 Dazzling Flash           Conj/Hex       50%        N/A       4%          3
 Freeze                   Ice            48%        1d6       5%          1
 Necrotise                Necr           32%        1d5       8%          1
 Sandblast                Erth           16%        2d6       8%          1
 Sting                    Tmut/Pois      32%        1d4       8%          1
 Summon Small Mammal      Summ           32%        N/A       8%          1
 Silence                  Hex/Air        20%        N/A       10%         5
 Summon Forest            Summ/Tloc      19%        N/A       10%         5
 Passwall                 Tmut/Erth      6%         N/A       12%         2
 Searing Ray              Conj           16%        2d5       12%         2
 Wereblood                Tmut           8%         N/A       12%         2
 Ignite Poison            Fire/Tmut/Pois 15%        N/A       12%         3
 Frozen Ramparts          Ice            24%        1d4       16%         3
 Anguish                  Hex/Necr       12%        N/A       16%         4
 Leda's Liquefaction      Hex/Erth       12%        N/A       16%         4
 Summon Lightning Spire   Summ/Air       23%        N/A       17%         4
 Hailstorm                Conj/Ice       10%        3d5       19%         3
 Call Canine Familiar     Summ           8%         N/A       24%         3
 Stone Arrow              Conj/Erth      16%        3d8       24%         3
 Vampiric Draining        Necr           8%         2d6       24%         3
 Flame Wave               Conj/Fire      18%        2d7       28%         4
 Summon Mana Viper        Hex/Summ       25%        N/A       38%         5
 Yara's Violent Unravell  Hex/Tmut       12%        3d7       38%         5
 Arcjolt                  Conj/Air       11%        1d21      43%         5
 Summon Ice Beast         Ice/Summ       10%        N/A       54%         4
 Freezing Cloud           Conj/Ice/Air   10%        6-21      56%         5
 Brom's Barrelling Bould  Conj/Erth      8%         2d3       61%         4
 Dispel Undead            Necr           8%         3d8       61%         4
 Olgreb's Toxic Radiance  Pois           8%         N/A       61%         4
 Agony                    Necr           8%         N/A       91%         5
 Iskenderun's Battlesphe  Conj           8%         2d6       91%         5
 Lee's Rapid Deconstruct  Erth           4%         3d5*      91%         5
 Enfeeble                 Hex            21%        N/A       94%         7
 Malign Gateway           Summ/Tloc      19%        N/A       97%         7
 Starburst                Conj/Fire      9%         6d5       99%         6
 Bombard                  Conj/Erth      4%         9d2       100%        6
 Death Channel            Necr           4%         N/A       100%        6
 Eringya's Noxious Bog    Tmut/Pois      4%         4d6       100%        6
 Simulacrum               Ice/Necr       5%         N/A       100%        6
 Summon Cactus Giant      Summ           4%         N/A       100%        6
 Haunt                    Necr/Summ      4%         N/A       100%        7
 Monstrous Menagerie      Summ           4%         N/A       100%        7
 Ozocubu's Refrigeration  Ice            6%         4d8       100%        7
 Spellforged Servitor     Conj/Summ      4%         N/A       100%        7
 Summon Hydra             Summ           4%         N/A       100%        7
 Lehudib's Crystal Spear  Conj/Erth      4%         10d3      100%        8
 Maxwell's Capacitive Co  Air            19%        ∞         100%        8
 Summon Horrible Things   Summ           4%         N/A       100%        8
 Chain Lightning          Conj/Air       11%        3d15      100%        9
 Death's Door             Necr           4%         N/A       100%        9
 Fire Storm               Conj/Fire      9%         8d2       100%        9
 Polar Vortex             Ice            6%         N/A       100%        9
 Shatter                  Erth           4%         3d7*      100%        9
 Dimensional Bullseye     Hex/Tloc       Unusable   N/A       N/A         4
 Animate Armour           Summ/Erth      Unusable   N/A       N/A         4

Inventory:

Jewellery
 c - a ring of protection from cold (right paw)
   (You found it on level 5 of the Pits of Slime)
 d - the amulet "Fuq Tom" {Acrobat rElec rPois rC++}
   (You acquired it on level 4 of the Dungeon)

   [amulet of the acrobat]

   Acrobat:   It increases your evasion while moving and waiting.
   rC++:      It greatly protects you from cold.
   rElec:     It insulates you from electricity.
   rPois:     It protects you from poison
 f - the ring of Qevaittay {Fire rElec Will++ Dex-5 Stlth+}
   (You found it on level 3 of the Crypt)

   [ring of fire]

   Fire:      It enhances your fire magic.
   Dex-5:     It affects your dexterity (-5).
   rF+:       It protects you from fire.
   rC-:       It makes you vulnerable to cold.
   rElec:     It insulates you from electricity.
   Will++:    It greatly increases your willpower.
   Stlth+:    It makes you more stealthy.
 u - the ring of Fun (left paw) {rPois rF+ AC+4}
   (You found it on level 3 of the Lair of Beasts)

   [ring of protection]

   AC+4:      It affects your AC (+4).
   rF+:       It protects you from fire.
   rPois:     It protects you from poison
 C - the ring "Teaboid" {AC+4 Str+4 Int-4}
   (You found it on level 5 of the Pits of Slime)

   [ring of protection]

   AC+4:      It affects your AC (+4).
   Str+4:     It affects your strength (+4).
   Int-4:     It affects your intelligence (-4).
 G - the ring "Beduschah" {Ice rElec Will++ Int-3 Slay+3}
   (You found it in a wizard's laboratory)

   [ring of ice]

   Ice:       It enhances your ice magic.
   Int-3:     It affects your intelligence (-3).
   Slay+3:    It affects your accuracy & damage with ranged weapons and melee
   (+3).
   rF-:       It makes you vulnerable to fire.
   rC+:       It protects you from cold.
   rElec:     It insulates you from electricity.
   Will++:    It greatly increases your willpower.
 L - the ring "Haettass" {rN+ Str+6}
   (You found it in a Gauntlet)

   [ring of strength]

   Str+6:     It affects your strength (+6).
   rN+:       It protects you from negative energy.
 Y - a +4 ring of slaying
   (You took it off a vampire knight on level 2 of the Depths)
 Z - the amulet of the Four Winds (around neck) {rN+ Will+++ Clar}
   (You found it on level 2 of the Depths)

   [amulet of nothing]

   rN+:       It protects you from negative energy.
   Will+++:   It greatly increases your willpower.
   Clar:      It protects you from confusion, rage, mesmerisation and fear.
Talismans
 E - a granite talisman (active)
   (You took it off Roxanne on level 1 of the Snake Pit)
 H - the maw talisman "Menuh" {rF+ Will++ Int+2 Stlth+}
   (You found it in a wizard's laboratory)

   [maw talisman]

   Int+2:     It affects your intelligence (+2).
   rF+:       It protects you from fire.
   Will++:    It greatly increases your willpower.
   Stlth+:    It makes you more stealthy.
 N - a talisman of death
   (You found it on level 5 of the Lair of Beasts)
 Q - a storm talisman
   (You found it in a wizard's laboratory)
Wands
 a - a wand of mindburst (20)
   (You took it off a naga on level 1 of the Snake Pit)
 w - a wand of iceblast (22)
   (You bought it in a shop on level 1 of the Dungeon)
 x - a wand of light (39)
   (You found it on level 9 of the Dungeon)
 y - a wand of digging (19)
   (You found it on level 11 of the Dungeon)
 J - a wand of flame (61)
   (You found it on level 7 of the Dungeon)
Scrolls
 b - 13 scrolls of vulnerability {!r!r}
 e - 8 scrolls of immolation {!r!r}
 i - 8 scrolls of teleportation {@r4}
 k - 6 scrolls of amnesia
 l - 10 scrolls of fog
 o - a scroll of summoning
 p - a scroll of fear
 R - 2 scrolls of silence {!r}
 U - 13 scrolls of poison {!r}
 W - 2 scrolls of blinking {!r}
 X - a scroll of identify {@r1}
Potions
 g - 6 potions of haste {@q3}
 h - 12 potions of attraction {!q}
 j - 6 potions of enlightenment
 m - 2 potions of heal wounds {@q2}
 q - 16 potions of curing {@q1}
 r - 10 potions of brilliance
 s - 8 potions of cancellation
 t - 4 potions of invisibility
 v - 6 potions of lignification {!q}
 z - 6 potions of magic
 B - 2 potions of ambrosia
 D - 6 potions of might
 F - 5 potions of berserk rage {!q}
 S - 17 potions of mutation {!q}
 V - 3 potions of resistance
Miscellaneous
 A - a lightning rod (4/4)
   (You found it on level 4 of the Lair of Beasts)
 K - a condenser vane
   (You found it in a Gauntlet)
 M - a sack of spiders
   (You found it in a Gauntlet)

Dungeon Overview and Level Annotations

Branches:
Dungeon (15/15)            Temple (0/1) D:7            Lair (5/5) D:9
  Swamp (4/4) Lair:3        Snake (4/4) Lair:3        Slime (5/5) Lair:4
    Orc (2/2) D:11            Elf (0/3) Orc:2        Vaults (4/5) D:13
  Crypt (3/3) Vaults:2       Tomb (0/3) Crypt:3      Depths (4/4) D:15
    Zot (5/5) Depths:4     WizLab (visited)         Gauntlet (visited)

Altars:
Ashenzari
Hepliaklqana
Makhleb
Okawaru
Qazlal
Ru
Sif Muna
Trog
Vehumet
Wu Jian
Xom
Yredelemnul
Zin
The Shining One
Jiyva

Shops:
D:1 *   D:8 :   D:12 *   Orc:2 :==(   Snake:2 :   Vaults:3 *   Vaults:4 :
Depths:1 ?*   Depths:3 [!**

Portals:
Hell: Depths:1 Depths:2 Depths:3 Depths:4
Abyss: Depths:3
Pandemonium: Depths:2

Annotations:
D:4 Edmund
D:12 exclusion: ice statue
Snake:1 1 runed translucent door, Ruzxi's ghost, adept OpVM
Vaults:3 3 runed translucent doors, Kevimi's ghost, adept FeNe
Crypt:1 1 transporter
Crypt:2 3 runed translucent doors, Neghedd's ghost, veteran GrEE

#.............#######
#.............#.....#
#.............#.....###
#####..########........
###)### #........
##≈#.#≈## #........
##≈♣≈.≈P≈## #.....###
#≈♣8♣.P8P≈# #.....#
#≈♣.8.P≈#####[....#
##≈P...P≈##........#
#≈P8P.P8P≈#.########
##≈P)..P≈##.#
##≈#.#≈##..#
###.###..## #.....##
#######


There were no monsters in sight!


Message History

Casting: Manifold Assault (safe; 1% risk of failure)
Confirm with . or Enter, or press ? or * to list all spells.
Space momentarily warps into an impossible shape!
You eviscerate the golden eye!!!
You kill the golden eye!
You mangle the hellwing!! The hellwing completely misses you. x2
Your Unarmed Combat skill increases to level 26! 😕 MP[-4]
You lost 4 mp, and now have 22/36 mp.
Casting: Manifold Assault (safe; 1% risk of failure)
Confirm with . or Enter, or press ? or * to list all spells.
Space momentarily warps into an impossible shape!
You claw the hellwing! You closely miss the hellwing.
The hellwing completely misses you. The hellwing misses you.
The hellwing swoops through the air toward you!
The hellwing completely misses you.
The hellwing hits you but does no damage. 😕 HP[+1] MP[-3]
You lost 3 mp, and now have 19/36 mp.
You scratch the hellwing. You claw the hellwing! The hellwing hits you.
The hellwing hits you but does no damage. 😕 HP[-5]
You take 5 damage, and now have 176/193 hp.
You eviscerate the hellwing!!!
You kill the hellwing!
The hellwing completely misses you. x2
You claw the hellwing!
You kill the hellwing! 😕 HP[+1] 😕 HP[+1] MP[+1] 😕 HP[+1] 😕 HP[+1] MP[+1]
There is a stone staircase leading up here. 😕 HP[+1]
You climb upwards.
There is a stone staircase leading down here. 😕 HP[+2] MP[+1]
You regained 2 hp, and now have 183/193 hp.
You start resting. 😎 HP[+10] MP[+5]
Your hp is fully restored (193).
You regained 5 mp, and now have 27/36 mp.
You can't go up here!
You climb downwards.
There is a stone staircase leading up here. 😎 MP[+1] Take the exit?
You climb upwards.
There is a stone staircase leading down here. 😎 MP[+1]
What level of the Dungeon? (default 6, ? - help)
An orange demon comes into view.
You yowl at the orange demon! 😎 MP[+7]
Your mp is fully restored (36).
Casting: Manifold Assault (safe; 1% risk of failure)
Confirm with . or Enter, or press ? or * to list all spells.
Space momentarily warps into an impossible shape!
You scratch the orange demon but do no damage. 😎 MP[-4]
You lost 4 mp, and now have 32/36 mp.
Casting: Manifold Assault (safe; 1% risk of failure)
Confirm with . or Enter, or press ? or * to list all spells.
Space momentarily warps into an impossible shape!
You eviscerate the orange demon!!! 😎 MP[-4]
You lost 4 mp, and now have 28/36 mp.
Casting: Manifold Assault (safe; 1% risk of failure)
Confirm with . or Enter, or press ? or * to list all spells.
Space momentarily warps into an impossible shape!
You eviscerate the orange demon!!!
You kill the orange demon! 😎 MP[-4]
You lost 4 mp, and now have 24/36 mp.
There is a stone staircase leading up here. 😎 MP[+7]
You regained 7 mp, and now have 31/36 mp.
You climb upwards.
Level annotation: Edmund
There is a stone staircase leading down here. 😎 MP[+1]
There is a stone staircase leading up here. 😎 MP[+3]
You regained 3 mp, and now have 35/36 mp.
You climb upwards.
There is a stone staircase leading down here. 😎 MP[+1]
Your mp is fully restored (36).
A Mimeze, a rust devil and a hellion come into view.
There is a stone staircase leading up here.
You climb upwards.
There is a stone staircase leading down here.
There is a stone staircase leading up here.
You climb upwards.
There is a stone staircase leading down here.
A red devil comes into view. It is wielding a +0 trident.
You closely miss the red devil. You claw the red devil!!
You kill the red devil!
There is a staircase leading out of the dungeon here.
You have escaped!

Skill      XL: |  1  2  3  4  5  6  7  8  9 10 11 12 13 14 15 16 17 18 19 20 21 22 23 24 25 26 27 |
---------------+----------------------------------------------------------------------------------+-----
Stealth        | 1 2 3 4 6 |  6.0
Fire Magic     | 3 4 5 |  5.0
Spellcasting   | 2 3 6 7 8 |  8.0
Fighting       | 4 5 6 8 10 11 12 13 15 16 17 19 20 22 23 24 25 26 27 | 27.0
Unarmed Combat | 4 5 6 8 10 11 12 13 15 16 17 19 20 21 22 23 24 25 26 | 26.0
Shapeshifting  | 2 3 4 6 8 10 14 16 17 18 19 20 | 20.0
Dodging        | 3 5 8 9 11 13 14 16 17 18 19 20 22 23 24 26 27 | 27.0
Evocations     | 3 4 10 11 | 11.3
Hexes          | 1 7 8 |  8.0
Translocations | 4 12 13 14 15 | 15.0
Ice Magic      | 1 |  1.0
Air Magic      | 5 6 7 |  7.4

Action                     |  1- 3 |  4- 6 |  7- 9 | 10-12 | 13-15 | 16-18 | 19-21 | 22-24 | 25-27 || total
---------------------------+-------+-------+-------+-------+-------+-------+-------+-------+-------++-------
  Melee: Unarmed           |    54 |    56 |    92 |   570 |  1359 |  1232 |  1474 |  1115 |  1065 ||  7017
         Bite              |     2 |     2 |     9 |    73 |   197 |   173 |   220 |   140 |   154 ||   970
         Punch             |       |       |     4 |    43 |   103 |   159 |   201 |   188 |   176 ||   874
   Cast: Scorch            |     9 |    58 |   163 |   263 |    41 |     3 |       |       |       ||   537
         Ensorcelled Hiber |       |       |       |    48 |    71 |     7 |       |       |       ||   126
         Confusing Touch   |       |       |       |     3 |     3 |       |       |       |       ||     6
         Manifold Assault  |       |       |       |       |     9 |    54 |   125 |   214 |   222 ||   624
         Blink             |       |       |       |       |       |     1 |       |       |     1 ||     2
         Lesser Beckoning  |       |       |       |       |       |    16 |    23 |     1 |       ||    40
         Vhi's Electric Ch |       |       |       |       |       |       |     5 |    18 |    11 ||    34
 Invoke: Foxfire Swarm     |       |     1 |     2 |     1 |       |       |       |       |       ||     4
         Fiery Armour      |       |       |     1 |       |     1 |       |       |       |     1 ||     3
         Rising Flame      |       |       |       |       |       |       |       |     1 |       ||     1
  Evoke: Wand              |       |       |     2 |     6 |     2 |       |     2 |       |     2 ||    14
         Lightning rod     |       |       |       |       |     3 |       |       |       |       ||     3
         Sack of spiders   |       |       |       |       |     1 |     1 |       |       |       ||     2
         Condenser vane    |       |       |       |       |       |       |       |       |     1 ||     1
    Use: Scroll            |       |     5 |     4 |     8 |    14 |     5 |     9 |     4 |    14 ||    63
         Potion            |       |       |       |     2 |     1 |     3 |     6 |    14 |    27 ||    53
   Stab: Sleeping          |     3 |     5 |     6 |    30 |    29 |    17 |    16 |    12 |     4 ||   122
         Distracted        |       |       |       |     1 |     4 |     5 |       |     2 |     2 ||    14
         Confused          |       |       |       |     3 |       |       |       |       |     1 ||     4
         Invisible         |       |       |       |       |       |       |       |       |     3 ||     3
 Armour: Skin              |    19 |    32 |    74 |   193 |   424 |   571 |   654 |   396 |   493 ||  2856
  Dodge: Dodged            |    54 |    39 |   166 |   701 |  1485 |  1812 |  2164 |  1680 |  1679 ||  9780
   Form: Beast             |       |       |     1 |       |     2 |       |       |       |       ||     3
         Flux              |       |       |       |       |     3 |       |       |       |       ||     3
         Blade             |       |       |       |       |     3 |       |       |       |       ||     3
         Statue            |       |       |       |       |       |     1 |       |     2 |       ||     3
         Dragon            |       |       |       |       |       |       |       |     1 |       ||     1
         Storm             |       |       |       |       |       |       |       |     1 |       ||     1

Levels and vault maps discovered:
D:1:      ldierk_walled_garden_2, layout_basic,
          dreamdust_ecumenical_altar_angels_and_demons, serial_shops, shop
D:2:      layout_rooms, basic_altar, kennysheep_generic_room_7
D:3:      layout_basic, grunt_temple_overflow_order_and_chaos_1,
          yredelemnul_altar_generic, mainiacjoe_overflow_boulevard,
          amcnicky_mini_corridor_feature
D:4:      layout_loops_ring, overflow_temple_1_default,
          gammafunk_ghost_cemetery, minmay_misc_feat_rows, uniq_edmund
D:5:      layout_basic, gammafunk_ghost_necromancy, minmay_strange_pillars,
          uniq_crazy_yiuf_cottage
D:6:      layout_loops_corners, amethyst_overflow_temple_binary
D:7:      layout_loops_ring, lightli_temple_of_fire,
          hellmonk_okawaru_the_only_friend_you_need, vehumet_statue,
          minmay_temple_entry_enclosed_plants, uniq_joseph, uniq_prince_ribbit1
D:8:      layout_cave_pools, serial_shops, nicolae_shop_tiny_glass
D:9:      layout_cave_pools, gammafunk_temple_overflow_wave,
          minmay_lair_entry_grove
D:10:     layout_rooms
D:11:     layout_roguey, zombieorc1_lemuel
D:12:     layout_rooms, serial_shops, shop, grunt_decor_arrowhead,
          minmay_statues_item, ice2_lemuel
D:13:     layout_loops_ring, david_vaults_1, gauntlet_entry_generic, uniq_urug
D:14:     layout_basic, uniq_kirke
D:15:     grunt_enter_depths_snipers, layout_stronghold, ashenzari_altar_1,
          nicolae_figureground_sparkle, uniq_nessos
Lair:1:   layout_regular_city, serial_forest, infiniplex_forest_zigzag_1,
          infiniplex_forest_zigzag_1, infiniplex_forest_lined_3,
          infiniplex_forest_lined_room_, infiniplex_forest_clump_C,
          lemuel_old_faithful
Lair:2:   layout_chaotic_city
Lair:3:   nzn_winding_woodlands_cross [nzn_winding_woodlands_5x15_pockets,
          nzn_winding_woodlands_5x15_lazy_stream,
          nzn_winding_woodlands_5x15_jagged, nzn_winding_woodlands_5x15_eye,
          nzn_winding_woodlands_15x15_five_gardens], layout_cave_pods,
          mainiacjoe_swamp_entry_angry_trees,
          minmay_snake_entry_guardpost_small, basic_altar, serial_bayou_pond_d
Lair:4:   layout_gridlike, slime_entry_1, pdpol_lair_cavern_descent
Lair:5:   minmay_lair_end_enchanted_forest, layout_hall_layers,
          grunt_megastairs_3
Swamp:1:  layout_basic_swamp, evilmike_swamp_ruin_house_1,
          nicolae_swamp_tree_isthmus
Swamp:2:  layout_basic_swamp, nicolae_swamp_tree_designs, swamp_pool_4,
          infiniplex_staircase_pool, uniq_donald
Swamp:3:  layout_basic_swamp, nicolae_swamp_bean_lake, nzn_swamp_dancing_lights,
          infiniplex_staircase_pool_2
Swamp:4:  swamp_vile, layout_basic_swamp, nicolae_swamp_long_stream
Snake:1:  layout_onion_interference, hellmonk_ghost_happy_afterlife,
          st_stairs_10, uniq_aizul, uniq_josephine, uniq_roxanne
Snake:2:  layout_honeycomb, nicolae_shop_self_help, uniq_jorgrun
Snake:3:  layout_rooms, basic_altar
Snake:4:  grunt_snake_rune_serpentine_throne, layout_cave_town
Slime:1:  layout_caves
Slime:2:  layout_caves
Slime:3:  layout_caves, nicolae_slime_phagocytosis
Slime:4:  layout_caves
Slime:5:  slime_pit_nicolae_amoeboid
Orc:1:    layout_caves, uniq_snorg, uniq_erolcha
Orc:2:    st_orc_mages, layout_diamond_mine
Vaults:1: vaults_mumra_hexcomb, nicolae_vaults_little_squares_4,
          dpeg_vaults_waves, vaults_room_grunt_arrival_ludios,
          nicolae_vaults_tetromino_Z_1, v_pattern_5,
          nicolae_vaults_yaktaur_gun_rack, layout_vaults_omnigrid
Vaults:2: grunt_vaults_focal, ontoclasm_vaults_ring_small,
          nicolae_vaults_minivaults, grunt_vaults_trifunnel,
          vaults_dpeg_emergency_exit, nicolae_vaults_storage_room_water,
          v_misc_25, nicolae_vaults_little_squares_3,
          nicolae_vaults_offset_grid_hallway_4,
          minmay_crypt_entry_skeletal_spiral, nicolae_vaults_closet_pinwheel_6,
          v_misc_2, nicolae_vaults_octothorpe, nicolae_vaults_more_shelving_1,
          nicolae_vaults_rhombus_5, nicolae_vaults_wine_cellar,
          layout_vaults_maze_bifur, uniq_margery, uniq_frederick
Vaults:3: ploomutoo_gammafunk_ghost_potion_laboratory, v_misc_15,
          ontoclasm_vaults_tryst, v_misc_18, nicolae_vaults_closet_pinwheel_1,
          nicolae_vaults_shelves_hall, v_misc_11,
          nicolae_vaults_diagonal_hallway_7, nicolae_vaults_trapezoid_layered,
          nicolae_vaults_house_2, v_pattern_2, nicolae_vaults_know_your_exits,
          grunt_vaults_hallway_short, layout_vaults_ring, serial_shops, shop
Vaults:4: nicolae_vaults_gold_heap, v_misc_4, v_misc_19,
          ontoclasm_vaults_ring_square, nicolae_vaults_network_periphery,
          nicolae_vaults_windows_and_doors_thing, v_pattern_3,
          nicolae_vaults_turnstiles, v_misc_1, vaults_room_semicircle,
          nicolae_vaults_shelves_hall, layout_vaults_omnicross, serial_shops,
          shop
Crypt:1:  gammafunk_the_bubble [the_bubble_gammafunk_grid],
          layout_misc_corridors, grunt_crypt_arrival_guarded_gate
Crypt:2:  layout_misc_corridors, gammafunk_ghost_spectres,
          infiniplex_enter_wizlab_spiral, nicolae_crypt_niches,
          grunt_megastairs_4, uniq_bai_suzhen
Crypt:3:  due_elkab, layout_chaotic_city, tomb_entry_simple_bobbens, basic_altar
Depths:1: dreamdust_hydra_shepherd, layout_honeycomb, hangedman_decor_slide_cut,
          serial_shops, kennysheep_mini, hangedman_coc_ice_floe, minivault_16,
          nicolae_nh_oracle_at_delphi, uniq_norris, uniq_enchantress,
          uniq_saint_roka
Depths:2: lemuel_river_lethe, hell_entry, serial_shops, pan_entry
Depths:3: hangedman_cross_stitches, layout_basic, hell_entry,
          grunt_decor_resistance, minmay_room_of_horrors,
          minmay_strange_pillars, infiniplex_staircase_pillars_1,
          minmay_shoptagon, uniq_boris
Depths:4: grunt_zot_entry_funnels, layout_gridville, hell_entry
Zot:1:    gammafunk_sealed_library, layout_gridville,
          regret_index_zotdec_stipple_waver, hangedman_zot_decor_checkerboard
Zot:2:    layout_misc_corridors, nicolae_tricolors
Zot:3:    layout_misc_corridors, regret_index_zot_stipple_split, st_stairs_12
Zot:4:    hellmonk_paralyzer, layout_twisted_circle, skrybe_zot_glass_1
Zot:5:    layout_gridlike

Notes
Turn   | Place    | Note
-------+----------+-------------------------------------------
     0 | D:1      | Skeral the Felid Cinder Acolyte began the quest for the
                  | Orb.
     0 | D:1      | Reached XP level 1. HP: 10/10 MP: 3/3
     0 | D:1      | magus.rc [v1.10.3]
   129 | D:1      | Found a faded altar of an unknown god.
   134 | D:1      | Reached XP level 2. HP: 14/14 MP: 4/4
   137 | D:1      | Learned a level 2 spell: Scorch
   142 | D:1      | Found Keblageo's General Store.
   157 | D:1      | Reached skill level 1 in Stealth
   467 | D:1      | You fall into a shaft and drop 1 floor!
   478 | D:2      | Reached XP level 3. HP: 17/17 MP: 6/6
   540 | D:2      | Reached skill level 3 in Fire Magic
   626 | D:2      | Noticed a phantom
   643 | D:2      | Killed a phantom
   644 | D:2      | Reached skill level 2 in Stealth
   644 | D:2      | Reached skill level 2 in Spellcasting
   644 | D:2      | Reached XP level 4. HP: 19/21 MP: 0/8
   897 | D:2      | Reached XP level 5. HP: 20/25 MP: 9/9
   974 | D:2      | Found a hazy altar of Hepliaklqana.
  1055 | D:2      | Reached skill level 3 in Stealth
  1439 | D:1      | Bought a potion of curing for 30 gold pieces
  1439 | D:1      | Bought a scroll of identify for 20 gold pieces
  1795 | D:3      | Reached skill level 4 in Fighting
  1795 | D:3      | Reached skill level 4 in Unarmed Combat
  1909 | D:3      | Found an ornate altar of the Wu Jian Council.
  2016 | D:3      | Noticed an angel
  2017 | D:3      | Found a glowing silver altar of Zin.
  2017 | D:3      | Found a shimmering altar of Xom.
  2029 | D:3      | Found a basalt altar of Yredelemnul.
  2324 | D:4      | You pick up a book of Dreams and begin reading...
  2324 | D:4      | You add the spells Jinxbite, Ensorcelled Hibernation and
                  | Anguish to your library.
  2330 | D:4      | Gained mutation: You are covered in thick fur. (AC +2)
                  | [Felid growth]
  2330 | D:4      | Reached XP level 6. HP: 28/28 MP: 10/10
  2424 | D:4      | Noticed Edmund
  2747 | D:4      | Found a shimmering blue altar of Sif Muna.
  2916 | D:4      | Found a runed translucent gate.
  2917 | D:4      | Found a runed translucent gate.
  2917 | D:4      | Found a runed translucent gate.
  2918 | D:4      | Noticed HilariousDeathArtist's ghost (amateur HuWn)
  2919 | D:4      | Noticed mandarbmax's ghost (novice OgMo)
  2963 | D:5      | Entered Level 5 of the Dungeon
  3070 | D:5      | Noticed a water moccasin
  3076 | D:5      | Noticed an ice beast
  3090 | D:5      | Killed an ice beast
  3091 | D:5      | Reached skill level 4 in Stealth
  3091 | D:5      | Reached skill level 1 in Shapeshifting
  3225 | D:4      | Reached skill level 4 in Fire Magic
  3426 | D:5      | Found a runed translucent door.
  3427 | D:5      | Noticed Crazy Yiuf
  3583 | D:5      | Identified the amulet of the Dragon {Faith Rampage *Slow
                  | Fragile +Inv}
  3646 | D:5      | Killed a water moccasin
  3647 | D:5      | Reached skill level 2 in Shapeshifting
  3647 | D:5      | Reached XP level 7. HP: 21/33 MP: 2/11
  3995 | D:5      | Reached skill level 1 in Dodging
  4054 | D:5      | Found a runed translucent gate.
  4054 | D:5      | Found a runed translucent gate.
  4055 | D:5      | Found a runed translucent gate.
  4057 | D:5      | Noticed Cancer's ghost (novice GrEE)
  4258 | D:5      | Reached skill level 5 in Fighting
  4258 | D:5      | Reached skill level 5 in Unarmed Combat
  4484 | D:6      | Reached skill level 2 in Dodging
  4541 | D:6      | Reached skill level 3 in Shapeshifting
  4929 | D:6      | Reached skill level 3 in Dodging
  4929 | D:6      | Reached XP level 8. HP: 32/37 MP: 3/12
  5045 | D:6      | You pick up a book of Debilitation and begin reading...
  5045 | D:6      | You add the spells Slow, Sigil of Binding, Vampiric
                  | Draining and Confusing Touch to your library.
  5725 | D:6      | Reached skill level 4 in Dodging
  5725 | D:6      | Reached skill level 5 in Fire Magic
  5725 | D:6      | Reached skill level 4 in Shapeshifting
  6144 | D:6      | You pick up a book of Debilitation and begin reading...
  6190 | D:6      | Found a stormy altar of Qazlal.
  6190 | D:6      | Found a sacrificial altar of Ru.
  6346 | D:7      | Noticed Prince Ribbit
  6361 | D:7      | Slain by Prince Ribbit
  6382 | D:7      | Killed Prince Ribbit
  6383 | D:7      | Reached skill level 6 in Fighting
  6383 | D:7      | Reached skill level 5 in Dodging
  6383 | D:7      | Reached skill level 6 in Unarmed Combat
  6393 | D:7      | Found a staircase to the Ecumenical Temple.
  6668 | D:7      | Reached XP level 9. HP: 41/42 MP: 0/13
  6706 | D:7      | Noticed Joseph
  6855 | D:7      | Found a radiant altar of Vehumet.
  6904 | D:7      | Found a burning altar of Makhleb.
  7035 | D:7      | Killed Joseph
  7036 | D:7      | Reached skill level 7 in Fighting
  7036 | D:7      | Reached skill level 6 in Dodging
  7036 | D:7      | Reached skill level 7 in Unarmed Combat
  7308 | D:7      | Found an iron altar of Okawaru.
  7770 | D:1      | Bought a wand of iceblast (13) for 312 gold pieces
  7828 | D:4      | Identified 2 scrolls of acquirement
  7828 | D:4      | Acquired a manual of Dodging
  7830 | D:4      | Identified the "Plog" (You acquired it on level 4 of the
                  | Dungeon)
  7830 | D:4      | Acquired the amulet "Fuq Tom" {Acrobat rElec rPois rC++}
  7991 | D:5      | Killed Crazy Yiuf
  8204 | D:7      | Reached skill level 1 in Evocations
  8461 | D:7      | Reached skill level 7 in Dodging
  8606 | D:8      | Reached skill level 8 in Unarmed Combat
  8606 | D:8      | Reached skill level 2 in Evocations
  8727 | D:8      | Reached skill level 8 in Fighting
  8911 | D:8      | Found Jebboz's Book Boutique.
  8918 | D:8      | magus.rc [v1.10.3]
  8955 | D:8      | Reached skill level 8 in Dodging
  9429 | D:9      | Noticed a two-headed ogre
  9467 | D:8      | Reached skill level 3 in Evocations
  9561 | D:9      | Reached XP level 10. HP: 48/48 MP: 9/14
  9918 | D:8      | magus.rc [v1.10.3]
 10032 | D:9      | Killed a two-headed ogre
 10033 | D:9      | Reached skill level 9 in Dodging
 10054 | D:9      | Reached skill level 9 in Fighting
 10112 | D:9      | Reached skill level 9 in Unarmed Combat
 10449 | D:9      | Found a staircase to the Lair.
 10467 | D:9      | Found a glowing golden altar of the Shining One.
 10467 | D:9      | Found a bloodstained altar of Trog.
 10595 | D:9      | HP: 5/49 [yak (13)]
 10900 | D:10     | Entered Level 10 of the Dungeon
 10939 | D:10     | HP: 7/50 [troll (12)]
 11297 | D:10     | Reached skill level 10 in Fighting
 11402 | D:10     | Reached skill level 10 in Unarmed Combat
 11957 | D:10     | magus.rc [v1.10.3]
 12216 | D:10     | HP: 6/51 [orc priest/divine providence (14)]
 12388 | D:10     | Reached skill level 1 in Hexes
 12388 | D:10     | Reached XP level 11. HP: 32/54 MP: 7/15
 12954 | D:11     | Reached skill level 10 in Dodging
 13154 | D:11     | Found a staircase to the Orcish Mines.
 13292 | D:11     | Reached skill level 2 in Hexes
 13580 | D:11     | You pick up a book of the Senses and begin reading...
 13580 | D:11     | You add the spells Dazzling Flash, Agony and Silence to
                  | your library.
 13589 | D:11     | Identified the +4 trident "Ybasunu" {flame, Drain Int+2
                  | Dex+3}
 13611 | D:11     | You pick up a book of Cantrips and begin reading...
 13611 | D:11     | You add the spells Necrotise, Summon Small Mammal and
                  | Apportation to your library.
 13829 | D:11     | Noticed a boulder beetle
 14030 | D:11     | Noticed a brown ugly thing
 14069 | D:11     | Learned a level 1 spell: Apportation
 14073 | D:11     | Learned a level 3 spell: Confusing Touch
 14357 | D:1      | Bought a scroll of silence for 95 gold pieces
 14357 | D:1      | Bought a book of Spatial Translocations for 180 gold pieces
 14357 | D:1      | You pick up a book of Spatial Translocations and begin
                  | reading...
 14357 | D:1      | You add the spells Blink, Momentum Strike and Lesser
                  | Beckoning to your library.
 14360 | D:1      | Learned a level 2 spell: Blink
 14508 | D:3      | Killed HilariousDeathArtist's ghost
 14688 | D:4      | Killed mandarbmax's ghost
 14689 | D:4      | Reached skill level 3 in Hexes
 14689 | D:4      | Reached skill level 1 in Translocations
 14828 | D:5      | Killed Cancer's ghost
 14829 | D:5      | Reached skill level 3 in Spellcasting
 15049 | D:12     | Noticed a red ugly thing
 15111 | D:12     | Found Eguexox's Assorted Antiques.
 15114 | D:12     | Bought a scroll of identify for 66 gold pieces
 15114 | D:12     | Bought a scroll labelled RUERUTZ OSCHUEKH for 33 gold
                  | pieces
 15114 | D:12     | Bought a dark potion for 29 gold pieces
 15114 | D:12     | Bought a dark potion for 29 gold pieces
 15159 | D:12     | Noticed a boulder beetle
 15267 | D:11     | Killed a brown ugly thing
 15268 | D:11     | Reached skill level 2 in Translocations
 15307 | D:12     | Noticed an ice dragon
 15310 | D:12     | Noticed a skeletal warrior
 15313 | D:12     | Noticed a skeletal warrior
 15316 | D:12     | Noticed a skeletal warrior
 15574 | Gauntlet | Identified the "Ojarisha"
 15574 | Lair:1   | Entered Level 1 of the Lair of Beasts
 15594 | Lair:1   | Reached skill level 11 in Dodging
 15637 | Lair:1   | magus.rc [v1.10.3]
 15660 | D:9      | Reached skill level 4 in Hexes
 15777 | Lair:1   | Reached skill level 3 in Translocations
 16065 | Lair:1   | Reached skill level 5 in Hexes
 16065 | Lair:1   | Reached skill level 4 in Translocations
 16215 | Lair:1   | Reached skill level 11 in Fighting
 16476 | Lair:1   | magus.rc [v1.10.3]
 16610 | Lair:1   | Reached skill level 11 in Unarmed Combat
 16723 | Lair:1   | Reached skill level 6 in Hexes
 17042 | Lair:1   | Reached skill level 7 in Hexes
 17389 | Lair:1   | magus.rc [v1.10.3]
 17395 | Lair:2   | Gained mutation: Your thick and shaggy fur keeps you warm.
                  | (AC +3, rC+) [Felid growth]
 17395 | Lair:2   | Reached XP level 12. HP: 60/60 MP: 17/17
 17764 | Lair:2   | HP: 7/61 [cane toad (16)]
 17949 | Lair:1   | magus.rc [v1.10.3]
 18143 | Lair:2   | Reached skill level 12 in Fighting
 18153 | Lair:2   | Reached skill level 12 in Unarmed Combat
 18615 | Lair:2   | Learned a level 2 spell: Ensorcelled Hibernation
 18656 | Lair:2   | Reached skill level 12 in Dodging
 18836 | Lair:2   | Reached skill level 5 in Shapeshifting
 18969 | Lair:2   | Reached skill level 1 in Ice Magic
 19265 | Lair:3   | Found a staircase to the Snake Pit.
 19350 | Lair:3   | Reached skill level 8 in Hexes
 19404 | Lair:3   | Reached skill level 13 in Dodging
 19544 | Lair:3   | Reached skill level 5 in Stealth
 19639 | Lair:3   | Noticed a boulder beetle
 19783 | Lair:3   | Reached skill level 6 in Shapeshifting
 19788 | Lair:3   | HP: 4/61 [black mamba (12)]
 20049 | Lair:3   | Noticed a four-headed hydra
 20062 | Lair:3   | Killed a four-headed hydra
 20063 | Lair:3   | Reached skill level 6 in Stealth
 20216 | Lair:3   | Identified the ring of Fun {rPois rF+ AC+4}
 20238 | Lair:3   | You add the spells Malign Gateway and Summon Horrible
                  | Things to your library.
 20520 | Lair:3   | Found an iron altar of Okawaru.
 20576 | Lair:3   | Reached XP level 13. HP: 55/65 MP: 11/18
 20585 | Lair:3   | Reached skill level 14 in Dodging
 20743 | Lair:3   | magus.rc [v1.10.3]
 21163 | Lair:3   | Reached skill level 7 in Shapeshifting
 21270 | Lair:3   | Found a staircase to the Swamp.
 21734 | Lair:3   | Slain by a death yak
 21899 | Lair:3   | magus.rc [v1.10.3]
 22217 | Lair:3   | Reached skill level 13 in Fighting
 22223 | Lair:3   | Reached skill level 13 in Unarmed Combat
 22696 | Lair:4   | Found a viscous altar of Jiyva.
 22696 | Lair:4   | Found a staircase to the Slime Pits.
 23477 | Lair:4   | You add the spells Cigotuvi's Dreadful Rot, Ignite Poison
                  | and Freezing Cloud to your library.
 23618 | Lair:5   | Entered Level 5 of the Lair of Beasts
 24138 | Lair:4   | Reached skill level 8 in Shapeshifting
 24943 | Lair:5   | Reached XP level 14. HP: 54/71 MP: 19/19
 25188 | Lair:5   | Reached skill level 9 in Shapeshifting
 25512 | Lair:5   | Reached skill level 14 in Fighting
 25515 | Lair:5   | magus.rc [v1.10.3]
 25858 | Lair:5   | Reached skill level 14 in Unarmed Combat
 26655 | Lair:5   | Reached skill level 10 in Shapeshifting
 27127 | Orc:1    | Entered Level 1 of the Orcish Mines
 27132 | Orc:1    | Noticed Snorg
 27157 | D:11     | Killed Snorg
 27621 | Orc:1    | Noticed Erolcha
 27684 | Orc:1    | Killed Erolcha
 27904 | Orc:2    | Entered Level 2 of the Orcish Mines
 27957 | Orc:2    | Found a staircase to the Elven Halls.
 29150 | Orc:2    | Reached skill level 15 in Fighting
 29157 | Orc:2    | Reached skill level 15 in Unarmed Combat
 29291 | Orc:2    | Found Faocos's Jewellery Emporium.
 29373 | Orc:2    | Found Anik's Book Shoppe.
 29378 | Orc:2    | Found Neikhlyomn's Jewellery Shoppe.
 29382 | Orc:2    | Found Ugucut's Weapon Emporium.
 30401 | D:12     | You add the spells Sting, Poisonous Vapours and Olgreb's
                  | Toxic Radiance to your library.
 30542 | D:12     | Bought a wand of light (1) for 138 gold pieces
 30590 | D:12     | HP: 12/73 [boulder beetle (23)]
 31338 | D:12     | HP: 7/73 [skeletal warrior/+0 trident (20)]
 31372 | D:12     | HP: 15/73 [orc/boomerang (1)]
 31716 | D:12     | Reached XP level 15. HP: 64/77 MP: 20/20
 31814 | D:12     | magus.rc [v1.10.3]
 31946 | D:13     | Found a gate leading to a gauntlet.
 32018 | D:13     | HP: 19/78 [manticore (3)]
 32203 | Gauntlet | Entered a Gauntlet
 32203 | Gauntlet | Found a transporter.
 32205 | Gauntlet | Found a large runed translucent door.
 32206 | Gauntlet | Found a large runed translucent door.
 32207 | Gauntlet | Found a large runed translucent door.
 32207 | Gauntlet | Found a large runed translucent door.
 32207 | Gauntlet | Found a runed translucent door.
 32207 | Gauntlet | Found a runed translucent door.
 32208 | Gauntlet | Found a large runed translucent door.
 32209 | Gauntlet | Found a large runed translucent door.
 32210 | Gauntlet | Found a large runed translucent door.
 32210 | Gauntlet | Found a large runed translucent door.
 32211 | Gauntlet | Found a runed translucent gate.
 32211 | Gauntlet | Found a runed translucent gate.
 32211 | Gauntlet | Found a runed translucent gate.
 32212 | Gauntlet | Found a large runed translucent door.
 32212 | Gauntlet | Found a large runed translucent door.
 32212 | Gauntlet | Found a large runed translucent door.
 32212 | Gauntlet | Found a large runed translucent door.
 32213 | Gauntlet | Found a large runed translucent door.
 32213 | Gauntlet | Found a large runed translucent door.
 32214 | Gauntlet | Found a large runed translucent door.
 32214 | Gauntlet | Found a transporter.
 32214 | Gauntlet | Found a large runed translucent door.
 32216 | Gauntlet | Found a transporter.
 32218 | Gauntlet | Found a transporter.
 32242 | Gauntlet | Found a transporter.
 32244 | Gauntlet | Found a transporter.
 32257 | Gauntlet | Found a transporter.
 32272 | Gauntlet | Found a transporter.
 32278 | Gauntlet | Found a transporter.
 32295 | Gauntlet | Found a transporter.
 32313 | Gauntlet | Found a transporter.
 32325 | Gauntlet | Found a transporter.
 32346 | Gauntlet | Found the brooch of Shielding {Spirit SH+8}
 32347 | Gauntlet | Found a transporter.
 32359 | Gauntlet | Found a transporter.
 32365 | Gauntlet | Found a transporter.
 32388 | Gauntlet | Found a transporter.
 32397 | Gauntlet | Found a transporter.
 32440 | Gauntlet | Found a transporter.
 32650 | Gauntlet | Learned a level 4 spell: Manifold Assault
 32817 | Gauntlet | Identified the ring "Haettass" {rN+ Str+6}
 32948 | Gauntlet | Identified the +8 orcbow of Dullness {antimagic, Dex+3}
 32948 | Gauntlet | Identified the +9 hand axe of Guilt {spect, rCorr}
 32949 | Gauntlet | You pick up a book of Armaments and begin reading...
 32949 | Gauntlet | You add the spells Stone Arrow and Lehudib's Crystal Spear
                  | to your library.
 32949 | Gauntlet | You add the spells Searing Ray and Haunt to your library.
 33123 | D:13     | Noticed Urug
 33213 | D:13     | Reached skill level 5 in Translocations
 33328 | D:12     | Reached skill level 15 in Dodging
 33746 | D:13     | Killed Urug
 33937 | D:13     | Reached skill level 16 in Fighting
 33941 | D:13     | Reached skill level 16 in Unarmed Combat
 34066 | D:13     | Reached skill level 6 in Translocations
 34069 | D:13     | Found a gate to the Vaults.
 34733 | D:14     | Reached skill level 16 in Dodging
 34739 | D:14     | Reached skill level 7 in Translocations
 35150 | D:14     | Noticed Kirke
 35155 | D:14     | Killed Kirke
 35156 | D:14     | Reached skill level 8 in Translocations
 35909 | D:14     | Reached skill level 9 in Translocations
 36180 | D:14     | Reached skill level 10 in Translocations
 36611 | D:15     | Entered Level 15 of the Dungeon
 36697 | D:15     | Noticed Nessos
 36738 | D:15     | Killed Nessos
 36948 | D:15     | Reached skill level 11 in Translocations
 37298 | D:15     | Reached skill level 12 in Translocations
 37920 | D:15     | Found a broken altar of Ashenzari.
 38281 | D:15     | Found a staircase to the Depths.
 38281 | D:15     | Noticed a frost giant
 38291 | D:15     | Killed a frost giant
 38629 | Snake:1  | Entered Level 1 of the Snake Pit
 38629 | Snake:1  | Noticed Roxanne
 38637 | Snake:1  | Killed Roxanne
 38916 | Snake:1  | Reached XP level 16. HP: 47/82 MP: 22/22
 39109 | Lair:3   | Reached skill level 17 in Dodging
 39743 | Snake:1  | HP: 19/82 [mana viper (16)]
 39950 | Snake:1  | Found a runed translucent door.
 39950 | Snake:1  | Noticed Ruzxi's ghost (adept OpVM)
 40021 | Snake:1  | Identified the serpent talisman of the Blacksmith {rC+
                  | Str+3 Stlth+}
 40021 | Snake:1  | Noticed Aizul
 40073 | Lair:3   | Killed Aizul
 40195 | Swamp:1  | Entered Level 1 of the Swamp
 40204 | Swamp:1  | Reached skill level 11 in Shapeshifting
 40231 | Swamp:1  | You pick up a book of Ice and begin reading...
 40231 | Swamp:1  | You add the spells Simulacrum, Ozocubu's Refrigeration and
                  | Polar Vortex to your library.
 40407 | Swamp:1  | Noticed a tentacled monstrosity
 41083 | Snake:1  | Reached skill level 12 in Shapeshifting
 41398 | Snake:1  | Noticed Josephine
 41441 | Snake:1  | Killed Josephine
 42063 | Snake:2  | Found Jylysmo's Self-Improvement Boutique.
 42229 | Snake:2  | Reached skill level 13 in Shapeshifting
 43130 | Snake:2  | magus.rc [v1.10.3]
 43463 | Snake:2  | Reached skill level 14 in Shapeshifting
 43565 | Snake:2  | You fall into a shaft and drop 1 floor!
 43696 | Snake:3  | You pick up a book of Spectacle and begin reading...
 43696 | Snake:3  | You add the spells Volatile Blastmotes, Starburst and
                  | Maxwell's Capacitive Coupling to your library.
 44097 | Snake:2  | Noticed Jorgrun
 44168 | Snake:2  | Killed Jorgrun
 44386 | Snake:2  | Learned a level 2 spell: Lesser Beckoning
 44565 | Snake:3  | Reached XP level 17. HP: 87/87 MP: 23/23
 44584 | Snake:3  | Found a shimmering blue altar of Sif Muna.
 44865 | Snake:3  | Reached skill level 15 in Shapeshifting
 44969 | Snake:4  | Entered Level 4 of the Snake Pit
 45017 | Snake:4  | You pick up a book of Decay and begin reading...
 45017 | Snake:4  | You add the spells Dispel Undead and Death Channel to your
                  | library.
 46168 | Snake:4  | Reached skill level 17 in Fighting
 46169 | Snake:4  | Reached skill level 17 in Unarmed Combat
 46351 | Snake:4  | Got a serpentine rune of Zot
 46505 | Swamp:1  | magus.rc [v1.10.3]
 46938 | Swamp:1  | Killed a tentacled monstrosity
 47367 | Swamp:2  | Noticed Donald
 47376 | Swamp:2  | Killed Donald
 47738 | Swamp:3  | Reached skill level 16 in Shapeshifting
 48042 | Swamp:3  | Noticed a tentacled monstrosity
 48051 | Swamp:3  | Killed a tentacled monstrosity
 48457 | Swamp:3  | Reached skill level 18 in Dodging
 48656 | Swamp:4  | Entered Level 4 of the Swamp
 48750 | Swamp:4  | Reached XP level 18. HP: 93/93 MP: 24/24
 49311 | Swamp:4  | Reached skill level 18 in Fighting
 49311 | Swamp:4  | Reached skill level 18 in Unarmed Combat
 49354 | Swamp:4  | Noticed a tentacled monstrosity
 49377 | Swamp:4  | Killed a tentacled monstrosity
 49470 | Swamp:4  | Got a decaying rune of Zot
 49942 | Vaults:1 | Identified the "Riobug"
 49942 | Vaults:1 | Entered Level 1 of the Vaults
 50384 | Vaults:1 | HP: 28/123 [vault warden/+3 long sword of holy wrath (6)]
 50402 | Vaults:1 | You pick up a book of Cantrips and begin reading...
 50716 | Vaults:1 | Reached skill level 19 in Fighting
 50716 | Vaults:1 | Reached skill level 19 in Unarmed Combat
 51112 | Vaults:1 | You fall into a shaft and drop 1 floor!
 51115 | Vaults:2 | Found a staircase to the Crypt.
 51608 | Vaults:2 | Reached XP level 19. HP: 100/100 MP: 25/25
 52008 | Vaults:2 | You pick up a book of Storms and begin reading...
 52008 | Vaults:2 | You add the spells Static Discharge, Airstrike and Summon
                  | Lightning Spire to your library.
 52156 | Vaults:2 | Reached skill level 20 in Fighting
 52156 | Vaults:2 | Reached skill level 20 in Unarmed Combat
 52195 | Vaults:2 | Reached skill level 4 in Spellcasting
 52220 | Vaults:2 | HP: 19/131 [vault warden/+1 great mace of holy wrath (27)]
 52893 | Vaults:2 | Noticed Margery
 52893 | Vaults:2 | Noticed Frederick
 52905 | Vaults:2 | Killed Margery
 52906 | Vaults:2 | Reached skill level 19 in Dodging
 53174 | Vaults:2 | Reached skill level 5 in Spellcasting
 53374 | Vaults:2 | Killed Frederick
 53494 | Vaults:2 | a +2 heavy triple sword {rare}; a +0 robe
 54389 | Vaults:3 | Found a runed translucent gate.
 54389 | Vaults:3 | Found a runed translucent gate.
 54389 | Vaults:3 | Found a runed translucent gate.
 54413 | Vaults:3 | Reached skill level 6 in Spellcasting
 54555 | Vaults:3 | Reached XP level 20. HP: 101/106 MP: 30/30
 54567 | Vaults:3 | Reached skill level 21 in Fighting
 54785 | Vaults:3 | Found Cebiulif's Assorted Antiques.
 54792 | Vaults:3 | Bought a potion of haste for 270 gold pieces
 55305 | Vaults:3 | Found a runed translucent gate.
 55305 | Vaults:3 | Found a runed translucent gate.
 55306 | Vaults:3 | Noticed Kevimi's ghost (adept FeNe)
 55315 | Vaults:3 | Found a runed translucent gate.
 55363 | Vaults:4 | Reached skill level 20 in Dodging
 55467 | Vaults:4 | Found Ximak's Book Boutique.
 55475 | Vaults:4 | Bought Maxwell's Memoranda for 440 gold pieces
 55475 | Vaults:4 | You add the spells Vhi's Electric Charge and Arcjolt to
                  | your library.
 55480 | Vaults:4 | Learned a level 4 spell: Vhi's Electric Charge
 55633 | Vaults:4 | Reached skill level 1 in Air Magic
 55817 | Vaults:4 | You add the spells Summon Forest, Eringya's Noxious Bog and
                  | Summon Hydra to your library.
 55922 | Vaults:4 | Reached skill level 2 in Air Magic
 56530 | Vaults:4 | Reached skill level 3 in Air Magic
 57066 | Crypt:1  | Identified the "Keygirhowk"
 57066 | Crypt:1  | Entered Level 1 of the Crypt
 57214 | Crypt:1  | You pick up a book of Power and begin reading...
 57214 | Crypt:1  | You add the spells Iskenderun's Battlesphere, Bombard and
                  | Spellforged Servitor to your library.
 57232 | Crypt:1  | Noticed an ancient lich
 57283 | Crypt:1  | Noticed a curse skull
 57287 | Crypt:1  | Killed a curse skull
 57288 | Crypt:1  | Reached skill level 21 in Unarmed Combat
 57431 | Crypt:1  | Noticed a curse skull
 57435 | Crypt:1  | Killed a curse skull
 57533 | Crypt:1  | Reached skill level 4 in Air Magic
 57916 | Crypt:1  | Found a transporter.
 58125 | WizLab   | Identified the "Ympij"
 58132 | Crypt:2  | Reached skill level 22 in Fighting
 58132 | Crypt:2  | Reached skill level 7 in Spellcasting
 58254 | Crypt:2  | Found a magical portal.
 58263 | WizLab   | Entered Cigotuvi's Fleshworks
 58366 | WizLab   | Reached skill level 5 in Air Magic
 58520 | WizLab   | Identified the ring "Beduschah" {Ice rElec Will++ Int-3
                  | Slay+3}
 58890 | WizLab   | Reached XP level 21. HP: 113/113 MP: 33/33
 59032 | WizLab   | You add the spells Wereblood and Death's Door to your
                  | library.
 59034 | WizLab   | Identified the maw talisman "Menuh" {rF+ Will++ Int+2
                  | Stlth+}
 59373 | Crypt:2  | Noticed a curse skull
 59376 | Crypt:2  | Killed a curse skull
 59454 | Crypt:2  | Paralysed by a vampire knight for 2 turns
 59470 | Crypt:2  | Noticed Bai Suzhen
 59483 | Crypt:2  | Killed Bai Suzhen
 59543 | Crypt:2  | Reached skill level 21 in Dodging
 59753 | Crypt:2  | Found a runed translucent gate.
 59753 | Crypt:2  | Found a runed translucent gate.
 59753 | Crypt:2  | Found a runed translucent gate.
 59764 | Crypt:2  | Reached skill level 13 in Translocations
 60192 | Crypt:2  | Noticed Neghedd's ghost (veteran GrEE)
 60213 | Crypt:3  | Entered Level 3 of the Crypt
 60246 | Crypt:3  | Reached skill level 8 in Spellcasting
 60387 | Crypt:3  | Found a staircase to the Tomb.
 60613 | Crypt:3  | Reached skill level 17 in Shapeshifting
 60836 | Crypt:3  | Noticed a curse skull
 60842 | Crypt:3  | Killed a curse skull
 60921 | Crypt:3  | Reached skill level 23 in Fighting
 61474 | Crypt:3  | Found a basalt altar of Yredelemnul.
 61734 | Crypt:3  | Noticed Jory
 61748 | Crypt:3  | Killed Jory
 61971 | Crypt:3  | Found the +6 Majin-Bo {spellvamp, MP+6 Int+6}
 62050 | Crypt:3  | Found the +10 zealot's sword {holy, Zealotry, *Rage rN+
                  | EV+3}
 62058 | Crypt:3  | You pick up a book of Annihilations and begin reading...
 62058 | Crypt:3  | You add the spells Chain Lightning, Fire Storm and Shatter
                  | to your library.
 62092 | Crypt:3  | Reached skill level 22 in Dodging
 62345 | Crypt:3  | Identified the ring of Qevaittay {Fire rElec Will++ Dex-5
                  | Stlth+}
 62354 | Crypt:3  | Found the +6 lightning scales {swift, rElec}
 62622 | Crypt:1  | Found a transporter.
 62891 | Depths:1 | Entered Level 1 of the Depths
 62894 | Depths:1 | Reached skill level 22 in Unarmed Combat
 63013 | Depths:1 | Reached XP level 22. HP: 120/120 MP: 35/35
 63069 | Depths:1 | the Enchantress comes into view. She is wielding a +0 quick
                  | blade of freezing, wearing the +7 faerie dragon scales
                  | {rCorr SInv} and wearing a +1 buckler of cold resistance.
 63069 | Depths:1 | Noticed the Enchantress
 63078 | Depths:1 | HP: 37/156 [spriggan rider/+0 spear[the Enchantress] (11)]
 63079 | Depths:1 | Here: the Enchantress, wielding a +0 quick blade of
                  | freezing, wearing the +7 faerie dragon scales {rCorr SInv}
                  | and wearing a +1 buckler of cold resistance (fast,
                  | repelling missiles)
 63079 | Depths:1 | Here: the Enchantress, wielding a +0 quick blade of
                  | freezing, wearing the +7 faerie dragon scales {rCorr SInv}
                  | and wearing a +1 buckler of cold resistance (fast,
                  | repelling missiles)
 63081 | Depths:1 | HP: 14/156 [the Enchantress/+0 quick blade of freezing
                  | (15)]
 63084 | Depths:1 | Killed the Enchantress
 63086 | Depths:1 | Killed from afar by a spriggan air mage
 63099 | Depths:1 | Noticed Norris
 63146 | Depths:1 | Killed Norris
 63147 | Depths:1 | Reached skill level 6 in Air Magic
 63206 | Depths:1 | Noticed Saint Roka
 63219 | Depths:1 | Found Mugan's General Store.
 63222 | Depths:1 | HP: 27/156 [spark wasp (17)]
 63511 | Depths:1 | Bought a potion of might for 56 gold pieces
 63753 | Depths:1 | Found a gateway to Hell.
 63942 | Depths:1 | Killed Saint Roka
 64160 | Depths:1 | You pick up a book of the Earth and begin reading...
 64160 | Depths:1 | You add the spells Leda's Liquefaction and Lee's Rapid
                  | Deconstruction to your library.
 64166 | Depths:1 | You pick up a book of the Hunter and begin reading...
 64167 | Depths:1 | Found The Oracle's Delphic Readings.
 64936 | Depths:2 | Reached skill level 23 in Dodging
 65068 | Depths:2 | Found a one-way gate leading to the halls of Pandemonium.
 65072 | Depths:2 | Reached skill level 24 in Fighting
 65215 | Depths:2 | Acquired 912 gold pieces
 65274 | Depths:2 | Found the amulet of the Four Winds {rN+ Will+++ Clar}
 65951 | Depths:2 | Noticed a dread lich
 65955 | Depths:2 | Killed a dread lich
 65956 | Depths:2 | Reached skill level 14 in Translocations
 66023 | Depths:2 | Identified a potion of experience
 66474 | Depths:3 | Noticed Boris
 66605 | Depths:3 | Killed Boris
 66746 | Depths:3 | Found Rodoppon's General Store.
 66746 | Depths:3 | Found Xusyah's Armour Emporium.
 66748 | Depths:3 | Found Usesm's Distillery.
 66749 | Depths:3 | Found Pius's Assorted Antiques.
 66757 | Depths:3 | Bought a potion of curing for 105 gold pieces
 66757 | Depths:3 | Bought a potion of heal wounds for 175 gold pieces
 66766 | Depths:3 | Bought a potion of invisibility for 128 gold pieces
 66769 | Depths:3 | Bought a potion of curing for 42 gold pieces
 66769 | Depths:3 | Bought a potion of invisibility for 112 gold pieces
 66769 | Depths:3 | Bought a potion of curing for 42 gold pieces
 66769 | Depths:3 | Bought a potion of magic for 112 gold pieces
 66814 | Depths:3 | Reached XP level 23. HP: 125/125 MP: 36/36
 67474 | Depths:3 | Reached skill level 23 in Unarmed Combat
 67627 | Depths:3 | Found a one-way gate to the infinite horrors of the Abyss.
 67946 | Depths:4 | Identified the of Yxka Guavau
 67946 | Depths:4 | Identified the "Duumupiw"
 67946 | Depths:4 | Entered Level 4 of the Depths
 67947 | Depths:4 | magus.rc [v1.10.3]
 68081 | Depths:4 | Noticed a juggernaut
 68091 | Depths:4 | Killed a juggernaut
 68396 | Depths:4 | Reached skill level 24 in Dodging
 68589 | Depths:4 | Reached skill level 18 in Shapeshifting
 68750 | Depths:4 | Identified +0 gold dragon scales
 68793 | Depths:4 | Found a gate to the Realm of Zot.
 69470 | Elf:3    | Identified the "Weixar Xyank"
 69470 | Elf:3    | Identified the "Eddyts"
 69470 | Elf:3    | Identified the "Iva Qeonu"
 69470 | Slime:1  | Entered Level 1 of the Pits of Slime
 69562 | Slime:1  | Gained mutation: You are frail. (-10% HP) [a shining eye]
 69572 | Slime:1  | Lost mutation: You are frail. (-10% HP) [potion of
                  | mutation]
 69572 | Slime:1  | Gained mutation: You are weak. (Str -2) [potion of
                  | mutation]
 69572 | Slime:1  | Gained mutation: You have a somewhat thin skeletal
                  | structure. (Dex +2, Stealth+) [potion of mutation]
 69873 | Slime:3  | Gained mutation: Your flesh is cold resistant. (rC+) [a
                  | shining eye]
 70509 | Slime:3  | Gained mutation: Your body sometimes deteriorates upon
                  | taking damage. [a shining eye]
 71029 | Slime:4  | Gained mutation: You occasionally shout uncontrollably at
                  | your foes. [a shining eye]
 71030 | Slime:4  | Gained mutation: You frequently scream uncontrollably at
                  | your foes. [a shining eye]
 71049 | Slime:3  | Lost mutation: You frequently scream uncontrollably at your
                  | foes. [potion of mutation]
 71049 | Slime:3  | Lost mutation: Your flesh is cold resistant. (rC+) [potion
                  | of mutation]
 71049 | Slime:3  | Gained mutation: A frigid envelope surrounds you and
                  | freezes all who hurt you. [potion of mutation]
 71049 | Slime:3  | Gained mutation: Potions are less effective at restoring
                  | your health. [potion of mutation]
 71049 | Slime:3  | Lost mutation: A frigid envelope surrounds you and freezes
                  | all who hurt you. [potion of mutation]
 71049 | Slime:3  | Gained mutation: Your flesh is heat resistant. (rF+)
                  | [potion of mutation]
 71050 | Slime:3  | Lost mutation: You are weak. (Str -2) [potion of mutation]
 71050 | Slime:3  | Lost mutation: Potions are less effective at restoring your
                  | health. [potion of mutation]
 71050 | Slime:3  | Lost mutation: Your body sometimes deteriorates upon taking
                  | damage. [potion of mutation]
 71302 | Slime:5  | Entered Level 5 of the Pits of Slime
 71676 | Slime:5  | Reached XP level 24. HP: 131/131 MP: 21/36
 71813 | Slime:5  | Noticed the Royal Jelly
 71814 | Slime:5  | Reached skill level 25 in Fighting
 71814 | Slime:5  | Reached skill level 7 in Air Magic
 71814 | Slime:5  | Reached XP level 25. HP: 136/136 MP: 36/36
 71823 | Slime:5  | Killed the Royal Jelly
 71837 | Slime:5  | HP: 43/176 [acid blob/splash of acid (13)]
 71844 | Slime:5  | Reached skill level 25 in Dodging
 71847 | Slime:5  | HP: 39/176 [slime creature (7)]
 71849 | Slime:5  | HP: 14/176 [acid blob/splash of acid (22)]
 71860 | Slime:5  | Reached skill level 15 in Translocations
 71862 | Slime:5  | HP: 26/176 [acid blob/splash of acid (22)]
 72099 | Slime:5  | You add the spells Tukima's Dance, Passage of Golubria and
                  | Yara's Violent Unravelling to your library.
 72128 | Slime:5  | You pick up a book of Geomancy and begin reading...
 72128 | Slime:5  | You add the spells Sandblast, Passwall and Brom's
                  | Barrelling Boulder to your library.
 72135 | Slime:5  | Found the +3 Mad Mage's Maulers {Infuse+∞ VampMP -Cast}
 72138 | Slime:5  | Identified the ring "Teaboid" {AC+4 Str+4 Int-4}
 72147 | Slime:5  | Got a slimy rune of Zot
 72186 | Slime:5  | Identified the ring of Secrets {rPois rF+ Int-4 Dex+3}
 72748 | Zot:1    | Entered Level 1 of the Realm of Zot
 72764 | Zot:1    | Found a transporter.
 72792 | Zot:1    | Noticed a dread lich
 72795 | Zot:1    | Found a radiant altar of Vehumet.
 72798 | Zot:1    | Noticed an orb of fire
 72812 | Zot:1    | Gained mutation: You are clumsy. (Dex -2) [an orb of fire]
 72819 | Zot:1    | Killed an orb of fire
 72825 | Zot:1    | Reached skill level 19 in Shapeshifting
 72828 | Zot:1    | HP: 43/176 [yellow draconian annihilator/glob of acid (26)]
 72833 | Zot:1    | Killed a dread lich
 72833 | Zot:1    | HP: 9/176 [green draconian monk (21)]
 72844 | Zot:1    | Reached skill level 24 in Unarmed Combat
 72846 | Zot:1    | HP: 43/176 [acid (9)]
 72848 | Zot:1    | Noticed a curse toe
 72891 | Zot:1    | Killed a curse toe
 73077 | Zot:1    | Found a transporter.
 73093 | Zot:1    | You pick up a book of Beasts and begin reading...
 73093 | Zot:1    | You add the spells Summon Ice Beast, Summon Mana Viper and
                  | Monstrous Menagerie to your library.
 73106 | Zot:1    | You pick up a book of Frost and begin reading...
 73106 | Zot:1    | You add the spells Freeze, Frozen Ramparts and Hailstorm to
                  | your library.
 73118 | Zot:1    | You pick up a book of Misfortune and begin reading...
 73118 | Zot:1    | You add the spells Inner Flame and Enfeeble to your
                  | library.
 73120 | Zot:1    | You pick up a book of Necromancy and begin reading...
 73122 | Zot:1    | You pick up a book of Scorching and begin reading...
 73122 | Zot:1    | You add the spells Flame Wave and Summon Cactus Giant to
                  | your library.
 73596 | Zot:1    | You pick up a book of the Hunter and begin reading...
 74079 | Zot:2    | Noticed a curse toe
 74279 | Zot:2    | Reached skill level 26 in Dodging
 74286 | Zot:1    | Killed a curse toe
 74638 | Zot:2    | Identified +0 gold dragon scales
 74640 | Zot:2    | +0 gold dragon scales {rare}; a golden dragon corpse
 74873 | Zot:2    | HP: 38/178 [white draconian stormcaller/divine providence
                  | (12)]
 74890 | Zot:2    | HP: 32/178 [white draconian stormcaller/divine providence
                  | (14)]
 74910 | Zot:2    | HP: 33/178 [white draconian stormcaller/divine providence
                  | (13)]
 75270 | Zot:2    | Noticed a curse toe
 75278 | Zot:2    | Killed a curse toe
 76018 | Zot:3    | Noticed a curse toe
 76059 | Zot:3    | Killed a curse toe
 76060 | Zot:3    | Reached skill level 4 in Evocations
 76065 | Zot:3    | Noticed a curse toe
 76069 | Zot:3    | Killed a curse toe
 76070 | Zot:3    | Reached XP level 26. HP: 142/142 MP: 20/36
 76185 | Zot:3    | +0 storm dragon scales {rare}; a storm dragon corpse
 76325 | Zot:3    | Identified +0 gold dragon scales
 76326 | Zot:3    | Reached skill level 20 in Shapeshifting
 76329 | Zot:3    | +0 gold dragon scales {rare}; a golden dragon corpse
 76335 | Zot:3    | +0 storm dragon scales {rare}; a storm dragon corpse
 76342 | Zot:3    | Identified +0 gold dragon scales
 76343 | Zot:3    | Reached skill level 27 in Dodging
 76441 | Zot:3    | Reached skill level 5 in Evocations
 76576 | Zot:3    | +0 gold dragon scales {rare}; a golden dragon skeleton
 76600 | Zot:3    | Reached skill level 26 in Fighting
 76806 | Zot:4    | Noticed an orb of fire
 76808 | Zot:4    | Gained mutation: Your spells are a little easier to cast,
                  | but a little less powerful. [an orb of fire]
 76815 | Zot:4    | Killed an orb of fire
 76816 | Zot:4    | Reached skill level 6 in Evocations
 76819 | Zot:4    | Noticed a dread lich
 76819 | Zot:4    | Noticed a dread lich
 76835 | Zot:4    | Killed a dread lich
 76837 | Zot:4    | Noticed a dread lich
 76838 | Zot:4    | Killed a dread lich
 76846 | Zot:4    | Killed a dread lich
 76847 | Zot:4    | Reached skill level 25 in Unarmed Combat
 76980 | Zot:4    | Reached skill level 7 in Evocations
 76981 | Zot:4    | quicksilver dragon scales {rare}; a quicksilver dragon
                  | corpse
 77349 | Zot:4    | Identified the +4 halberd of Beastly True Grit {flame,
                  | Str+3 Int+5}
 77404 | Zot:4    | Identified the staff of Cowardice {rC+ Str+2 Ice}
 77692 | Zot:5    | Entered Level 5 of the Realm of Zot
 77744 | Zot:5    | Noticed a curse toe
 77782 | Zot:5    | Reached skill level 8 in Evocations
 77783 | Zot:5    | Killed a curse toe
 78185 | Zot:5    | Noticed a curse toe
 78189 | Zot:5    | Killed a curse toe
 78330 | Zot:5    | Noticed a curse toe
 78340 | Zot:5    | Killed a curse toe
 78676 | Zot:5    | Noticed a curse toe
 78680 | Zot:5    | Killed a curse toe
 78693 | Zot:5    | Reached skill level 9 in Evocations
 78729 | Zot:5    | Noticed an orb of fire
 78917 | Zot:5    | Noticed a dread lich
 78919 | Zot:5    | Killed a dread lich
 78985 | Zot:5    | Gained mutation: You occasionally lose the ability to drink
                  | potions when taking damage. [an orb of fire]
 78985 | Zot:5    | Gained mutation: You are weak. (Str -2) [an orb of fire]
 78986 | Zot:5    | Lost mutation: Your flesh is heat resistant. (rF+) [potion
                  | of mutation]
 78986 | Zot:5    | Lost mutation: Your spells are a little easier to cast, but
                  | a little less powerful. [potion of mutation]
 78986 | Zot:5    | Gained mutation: You have hidden genetic defects. [potion
                  | of mutation]
 78986 | Zot:5    | Gained mutation: You sometimes lose the ability to drink
                  | potions when taking damage. [potion of mutation]
 78986 | Zot:5    | Gained mutation: You are very clumsy. (Dex -4) [potion of
                  | mutation]
 78986 | Zot:5    | Gained mutation: Your spells are a little easier to cast,
                  | but a little less powerful. [an orb of fire]
 78993 | Zot:5    | Gained mutation: You expend magic power (3 MP) to
                  | strengthen your wands. [an orb of fire]
 78994 | Zot:5    | Killed an orb of fire
 79000 | Zot:5    | Lost mutation: You sometimes lose the ability to drink
                  | potions when taking damage. [potion of mutation]
 79000 | Zot:5    | Lost mutation: You have hidden genetic defects. [potion of
                  | mutation]
 79000 | Zot:5    | Lost mutation: You expend magic power (3 MP) to strengthen
                  | your wands. [potion of mutation]
 79000 | Zot:5    | Lost mutation: You are weak. (Str -2) [potion of mutation]
 79001 | Zot:5    | Lost mutation: You are very clumsy. (Dex -4) [potion of
                  | mutation]
 79001 | Zot:5    | Lost mutation: You are clumsy. (Dex -2) [potion of
                  | mutation]
 79001 | Zot:5    | Lost mutation: Your spells are a little easier to cast, but
                  | a little less powerful. [potion of mutation]
 79004 | Zot:5    | You pick up a book of Beasts and begin reading...
 79017 | Zot:5    | Noticed an electric golem
 79023 | Zot:5    | Noticed an ancient lich
 79031 | Zot:5    | Killed an electric golem
 79031 | Zot:5    | Killed an ancient lich
 79126 | Zot:5    | Reached skill level 10 in Evocations
 79254 | Zot:5    | Got the Orb of Zot
 79272 | Zot:5    | Noticed an orb of fire
 79277 | Zot:5    | Gained mutation: You have very sharp fingernails. [an orb
                  | of fire]
 79278 | Zot:5    | Gained mutation: You sometimes lose your temper in combat.
                  | [an orb of fire]
 79279 | Zot:5    | Gained mutation: You sometimes lose the ability to drink
                  | potions when taking damage. [an orb of fire]
 79281 | Zot:5    | Noticed an orb of fire
 79288 | Zot:5    | Killed an orb of fire
 79289 | Zot:5    | Reached XP level 27. HP: 83/148 MP: 31/36
 79294 | Zot:5    | HP: 37/192 [Orb Guardian (16)]
 79295 | Zot:5    | Killed an orb of fire
 79296 | Zot:5    | Reached skill level 27 in Fighting
 79300 | Zot:5    | HP: 33/193 [demonspawn warmonger/+0 double sword (6)]
 79303 | Zot:5    | HP: 11/193 [Orb Guardian (10)]
 79467 | Zot:1    | Identified +1 pearl dragon scales
 79467 | Zot:1    | Noticed a seraph
 79557 | D:15     | Reached skill level 11 in Evocations
 79704 | D:9      | Lost mutation: You sometimes lose the ability to drink
                  | potions when taking damage. [potion of mutation]
 79704 | D:9      | Lost mutation: You occasionally lose the ability to drink
                  | potions when taking damage. [potion of mutation]
 79704 | D:9      | Lost mutation: You have very sharp fingernails. [potion of
                  | mutation]
 79704 | D:9      | Gained mutation: Your mind is acute. (Int +4, Str/Dex -1)
                  | [potion of mutation]
 79704 | D:9      | Gained mutation: You are partially covered in iridescent
                  | scales. (AC +2) [potion of mutation]
 79704 | D:9      | Gained mutation: You have a moderately thin skeletal
                  | structure. (Dex +4, Stealth++) [potion of mutation]
 79768 | D:6      | Reached skill level 26 in Unarmed Combat
 79842 | D:5      | Identified +1 pearl dragon scales
 79842 | D:5      | Noticed a seraph
 79855 | D:3      | Noticed Mimeze the pandemonium lord
 79925 | D:$      | Escaped with the Orb!

Vanquished Creatures
  the Royal Jelly (Slime:5)
  6 dread liches
  5 orbs of fire
  An ancient lich (Zot:5)
  A juggernaut (Depths:4)
  Boris (Depths:3)
  Bai Suzhen (Crypt:2)
  3 Killer Klowns (Zot:5)
  Saint Roka (Depths:1)
  Margery (Vaults:2)
  Frederick (Vaults:2)
  9 curse toes
  10 golden dragons
  Norris (Depths:1)
  A mutant beast (WizLab)
  Jory (Crypt:3)
  A bone dragon (Depths:4)
  the Enchantress (Depths:1)
  A Brimstone Fiend (D:14)
  An electric golem (Zot:5)
  A Tzitzimitl (Depths:1)
  Jorgrun (Snake:2)
  17 tentacled monstrosities
  2 shard shrike zombies (Crypt:3)
  A Hell Sentinel (D:15)
  22 Orb Guardians (Zot:5)
  2 liches
  3 quicksilver dragons
  9 sphinxes
  A walking frostbound tome (Depths:4)
  25 acid blobs
  4 ancient champions
  9 death cobs
  12 storm dragons
  2 shadow dragons
  Kirke (D:14)
  Roxanne (Snake:1)
  Donald (Swamp:2)
  A tengu reaver (Depths:2)
  Aizul (Lair:3)
  3 fenstrider witches
  3 revenants
  A demonspawn warmonger (Zot:5)
  7 fire giants
  4 frost giants
  11 draconian monks
  6 nagarajas
  15 azure jellies
  9 rockslimes
  5 vault wardens
  10 draconian knights
  An iron dragon (Depths:2)
  A deep elf sorcerer (Vaults:4)
  6 draconian shifters
  2 spectral juggernauts (Depths:2)
  2 draconian scorchers
  2 spectral caustic shrikes (Depths:2)
  15 ironbound preservers
  2 caustic shrike zombies (Crypt:3)
  A cacodemon (D:9)
  13 quicksilver oozes
  4 curse skulls
  8 ghouls
  9 draconian stormcallers
  A caustic shrike skeleton (Crypt:2)
  16 very ugly things
  6 stone giants
  8 draconian annihilators
  A demonspawn corrupter (Zot:5)
  4 spriggan defenders
  2 reapers
  26 vampire knights
  6 war gargoyles
  2 ironbound thunderhulks (Vaults:4)
  Nessos (D:15)
  6 eleionomae
  4 formless jellyfish
  10 green draconians
  17 black draconians
  12 spark wasps
  An eleionoma (shapeshifter) (Vaults:4)
  9 purple draconians
  A minotaur (Gauntlet)
  3 spectral titans (Depths:2)
  8 yellow draconians
  2 bunyips
  12 red draconians
  6 white draconians
  12 dire elephants
  A crystal guardian (Vaults:3)
  8 eidola
  7 ettins
  Snorg (D:11)
  5 deep elf death magi
  13 jiangshi
  3 spectral quicksilver dragons (Depths:2)
  11 fire dragons
  11 yaktaur captains
  14 great orbs of eyes
  Josephine (Snake:1)
  2 entropy weavers (Vaults:1)
  A shambling mangrove (Swamp:1)
  2 green deaths (Swamp:4)
  A spectral tengu (Depths:2)
  3 salamander tyrants
  4 deep elf high priests
  2 rakshasas
  2 spectral shadow dragons (Depths:2)
  5 ice dragons
  A hell beast (D:15)
  20 hydras
  A vault guard (Vaults:2)
  Erolcha (Orc:1)
  4 spectral sphinxes (Depths:2)
  5 caustic shrike simulacra (Depths:2)
  3 spriggan air magi
  2 ghost crabs
  16 anacondas
  3 death knights
  3 peacekeepers
  2 spectral fire giants (Depths:2)
  An Orb Guardian zombie (Crypt:2)
  9 centaur warriors
  8 two-headed ogres
  8 alligators
  10 boulder beetles
  2 dancing weapons (Crypt:3)
  7 ironbound frosthearts
  2 sphinx skeletons
  A spectral frost giant (Depths:2)
  9 death yaks
  14 naga warriors
  15 vampire magi
  3 deep troll earth magi
  3 deep troll shamans
  5 tengu warriors
  3 orc high priests
  5 spriggan berserkers
  11 naga sharpshooters
  2 hell knights (Vaults:2)
  9 shock serpents
  Urug (D:13)
  2 titan zombies
  3 soul eaters
  A spectral storm dragon (Depths:2)
  A thrashing horror (Swamp:4)
  4 skysharks
  2 storm dragon zombies (Crypt:3)
  3 shadow wraiths
  4 salamander mystics
  19 skeletal warriors
  3 death drakes (Depths:2)
  3 sixfirhies (D:9)
  A golden dragon zombie (Crypt:3)
  A spectral spark wasp (Depths:2)
  6 swamp dragons
  3 iron trolls
  4 goliath frogs
  An iron giant zombie (Crypt:3)
  16 large abominations
  3 spriggan druids
  7 naga ritualists
  11 bog bodies
  An iron giant skeleton (Crypt:1)
  51 deep trolls
  A spriggan rider (Depths:2)
  3 anaconda zombies
  6 glowing orange brains
  6 flayed ghosts
  A quicksilver dragon simulacrum (Depths:2)
  A shadow demon (Zot:1)
  A spriggan simulacrum (Crypt:1)
  25 phantasmal warriors
  8 arcanists
  2 orange crystal statues (Depths:2)
  3 harpies (Vaults:3)
  An iron dragon zombie (Crypt:1)
  A harpy (shapeshifter) (WizLab)
  9 necromancers
  11 lindwurms
  7 mana vipers
  6 orc knights
  16 ironbound convokers
  12 shining eyes
  4 orc sorcerers (Orc:2)
  3 will-o-the-wisps (Swamp:3)
  2 salamanders (shapeshifter) (WizLab)
  2 manticores
  2 cyclopes (D:12)
  38 ugly things
  A mana viper (shapeshifter) (Depths:3)
  8 elephants
  The ghost of mandarbmax the Cudgeller, a novice OgMo (D:4)
  Joseph (D:7)
  A frost giant skeleton (Vaults:2)
  26 moths of wrath
  16 salamanders
  6 guardian serpents
  A stone giant skeleton (Vaults:2)
  A naga zombie (Crypt:3)
  5 orange demons
  35 black mambas
  A rust devil (D:11)
  16 vault sentinels
  10 naga magi
  A torpor snail (Lair:4)
  A guardian serpent (shapeshifter) (WizLab)
  A dire elephant skeleton (Crypt:2)
  15 cane toads
  A gargoyle (D:13)
  2 alligator snapping turtle zombies (Crypt:3)
  2 smoke demons (D:6)
  A cane toad (shapeshifter) (WizLab)
  A shock serpent skeleton (Crypt:3)
  An unseen horror (shapeshifter) (Vaults:3)
  2 eyes of devastation
  8 freezing wraiths
  35 yaktaurs
  11 komodo dragons
  3 minotaur zombies
  A komodo dragon (shapeshifter) (WizLab)
  3 unseen horrors (Depths:3)
  5 human skeletons
  5 spectral glowing shapeshifters (Depths:2)
  6 guardian mummies
  A yaktaur (shapeshifter) (WizLab)
  2 rime drakes (shapeshifter) (WizLab)
  A rime drake (Lair:4)
  5 tengu conjurers
  A catoblepas skeleton (Crypt:3)
  A death yak zombie (Crypt:3)
  An ice devil (D:6)
  3 golden dragon simulacra (Depths:2)
  5 harpy zombies
  The ghost of Cancer the Digger, a novice GrEE (D:5)
  A polar bear (shapeshifter) (WizLab)
  7 tyrant leeches
  A red devil (D:1)
  3 hellwings (D:6)
  2 yaktaur skeletons (Vaults:2)
  13 hornets
  Prince Ribbit (D:7)
  8 polar bears
  The ghost of HilariousDeathArtist the Trooper, an amateur HuWn of Okawaru (D:3)
  10 trolls
  2 death drake skeletons
  2 shadow dragon simulacra
  A tengu simulacrum (Depths:2)
  A harpy skeleton (Crypt:2)
  3 tarantellas (shapeshifter) (WizLab)
  11 blink frogs
  2 raiju (shapeshifter) (WizLab)
  9 glass eyes
  An iron dragon simulacrum (Depths:2)
  An ice dragon zombie (Crypt:3)
  3 dream sheep (Lair:5)
  A stone giant simulacrum (Crypt:3)
  A boulder beetle zombie (Crypt:3)
  2 jumping spiders (shapeshifter) (WizLab)
  8 flying skulls
  112 slime creatures
  19 spriggans
  A spriggan (shapeshifter) (WizLab)
  A culicivora (shapeshifter) (WizLab)
  An ettin skeleton (Vaults:2)
  6 wyverns
  A black mamba zombie (Crypt:3)
  2 centaur simulacra
  44 yaks
  2 humans (shapeshifter) (WizLab)
  4 shadows
  10 wraiths
  3 hogs (shapeshifter) (WizLab)
  A human (WizLab)
  A yak (shapeshifter) (D:15)
  19 vampires (Crypt:3)
  9 water elementals
  A fire bat (shapeshifter) (WizLab)
  An alligator snapping turtle simulacrum (Crypt:3)
  3 basilisks (shapeshifter) (WizLab)
  8 basilisks
  22 golden eyes
  An iron golem (WizLab)
  3 redbacks (Vaults:1)
  38 nagas
  2 steam dragons (D:8)
  6 vampire mosquitoes
  4 wargs
  11 swamp worms
  2 acid dragons
  A glowing shapeshifter skeleton (Vaults:2)
  An ogre skeleton (Vaults:2)
  23 water moccasins
  A demonspawn skeleton (Crypt:2)
  A faun skeleton (Crypt:1)
  4 hell hounds (D:12)
  10 small abominations
  A water nymph skeleton (Crypt:2)
  A merfolk skeleton (Crypt:2)
  2 swamp drakes (Swamp:1)
  An ice beast (shapeshifter) (WizLab)
  A black bear (shapeshifter) (WizLab)
  6 black bears
  38 orc warriors
  8 ice beasts
  A cane toad skeleton (Crypt:2)
  5 human zombies
  A sky beast (D:7)
  6 ogres
  A dream sheep zombie (Crypt:1)
  A blink frog zombie (Crypt:1)
  A snapping turtle skeleton (Crypt:1)
  52 wolves
  5 boggarts (Lair:5)
  14 centaurs
  2 phantoms
  A kobold brigand (D:10)
  A wyvern zombie (D:5)
  26 bullfrogs
  A necrophage (Crypt:3)
  4 glowing shapeshifter simulacra
  A gnoll sergeant (D:11)
  An elf skeleton (Crypt:1)
  A scorpion (D:5)
  12 wights
  A raiju zombie (Crypt:3)
  5 killer bees
  3 troll zombies (D:11)
  A spriggan skeleton (Crypt:1)
  A troll skeleton (Crypt:2)
  6 electric eels
  4 howler monkeys
  5 centaur zombies
  6 hounds
  3 gnoll boudas
  21 orc priests
  Crazy Yiuf (D:5)
  4 jellies
  A centaur skeleton (D:5)
  34 orc wizards
  2 iguanas
  2 sleepcaps
  A boggart skeleton (Crypt:3)
  A statue (D:7)
  3 ogre zombies (D:11)
  A naga skeleton (Crypt:2)
  3 mummies (Crypt:1)
  A howler monkey zombie (D:5)
  19 gnolls
  A steam dragon zombie (Crypt:3)
  10 adders
  2 shadow imps
  2 white imps
  3 worms
  2 dart slugs
  70 orcs
  8 ball pythons
  8 bats
  A bat skeleton (Crypt:3)
  7 endoplasms
  2 giant cockroaches
  2 gnoll zombies (D:11)
  7 goblins
  2 hobgoblins
  8 kobolds
  2 quokkas (D:1)
  8 frilled lizards
  3 gnoll skeletons (D:11)
  A hobgoblin zombie (Crypt:3)
  4 orc skeletons
  11 orc zombies (D:11)
  3 rats
2307 creatures vanquished.

Vanquished Creatures (collateral kills)
  An acid blob (Slime:5)
  3 slime creatures (Slime:5)
4 creatures vanquished.

Vanquished Creatures (others)
  A vampire knight (Zot:4)
  A salamander (Snake:2)
  78 foxfires
80 creatures vanquished.

Grand Total: 2391 creatures vanquished

Table legend:
 A = Non-vault XP
 B = Vault XP
 C = Vault XP percentage of total XP
 D = Non-vault monster count
 E = Vault monster count
 F = Vault count percentage of total count
                 A         B        C        D         E       F
            +---------+---------+-------+---------+---------+-------
      Total |  747030 |  596890 |  44.4 |    1400 |     861 |  38.1
            +---------+---------+-------+---------+---------+-------
        D:1 |      40 |       0 |   0.0 |      23 |       0 |   0.0
        D:2 |     174 |      13 |   7.0 |      19 |       1 |   5.0
        D:3 |     131 |     291 |  69.0 |      10 |       1 |   9.1
        D:4 |      96 |     509 |  84.1 |      15 |       1 |   6.2
        D:5 |     667 |     592 |  47.0 |      16 |       7 |  30.4
        D:6 |    1112 |       0 |   0.0 |      32 |       0 |   0.0
        D:7 |    1259 |     826 |  39.6 |      21 |       3 |  12.5
        D:8 |    1244 |     145 |  10.4 |      20 |       1 |   4.8
        D:9 |    1910 |    1873 |  49.5 |      16 |      10 |  38.5
       D:10 |    1905 |       0 |   0.0 |      16 |       0 |   0.0
       D:11 |    4116 |    2954 |  41.8 |      21 |      32 |  60.4
       D:12 |    9960 |    3132 |  23.9 |      23 |      12 |  34.3
       D:13 |    7256 |    3103 |  30.0 |      14 |       5 |  26.3
       D:14 |   11098 |    1440 |  11.5 |      28 |       1 |   3.4
       D:15 |   10644 |    5097 |  32.4 |      37 |       5 |  11.9
     Lair:1 |    8278 |       0 |   0.0 |      42 |       0 |   0.0
     Lair:2 |    7038 |       0 |   0.0 |      29 |       0 |   0.0
     Lair:3 |   13608 |   10216 |  42.9 |      35 |      31 |  47.0
     Lair:4 |   10043 |    3956 |  28.3 |      28 |      15 |  34.9
     Lair:5 |    7367 |    8463 |  53.5 |      20 |      50 |  71.4
    Swamp:1 |   11664 |       0 |   0.0 |      21 |       0 |   0.0
    Swamp:2 |    7194 |    1378 |  16.1 |      12 |       1 |   7.7
    Swamp:3 |   12045 |    1587 |  11.6 |      17 |       3 |  15.0
    Swamp:4 |   11154 |   19863 |  64.0 |      17 |      29 |  63.0
    Snake:1 |   14594 |    4941 |  25.3 |      29 |       8 |  21.6
    Snake:2 |   26418 |    1904 |   6.7 |      47 |       1 |   2.1
    Snake:3 |   14786 |       0 |   0.0 |      28 |       0 |   0.0
    Snake:4 |    9989 |   23342 |  70.0 |      23 |      31 |  57.4
    Slime:1 |   16014 |       0 |   0.0 |      40 |       0 |   0.0
    Slime:2 |    9711 |       0 |   0.0 |      25 |       0 |   0.0
    Slime:3 |   26084 |     905 |   3.4 |      34 |       4 |  10.5
    Slime:4 |   19224 |       0 |   0.0 |      33 |       0 |   0.0
    Slime:5 |   12604 |   23963 |  65.5 |      20 |      16 |  44.4
      Orc:1 |    3049 |     861 |  22.0 |      31 |       1 |   3.1
      Orc:2 |    3287 |    4785 |  59.3 |      31 |      41 |  56.9
   Vaults:1 |   34730 |   22623 |  39.4 |      51 |      28 |  35.4
   Vaults:2 |   30933 |   46003 |  59.8 |      45 |      61 |  57.5
   Vaults:3 |   20080 |   26577 |  57.0 |      31 |      30 |  49.2
   Vaults:4 |    4580 |   25589 |  84.8 |       8 |      35 |  81.4
    Crypt:1 |   27613 |    1076 |   3.8 |      51 |       1 |   1.9
    Crypt:2 |   30990 |    6951 |  18.3 |      47 |       9 |  16.1
    Crypt:3 |   33702 |   41874 |  55.4 |      50 |      66 |  56.9
   Depths:1 |   20223 |   27135 |  57.3 |      26 |      39 |  60.0
   Depths:2 |    1448 |   77609 |  98.2 |       2 |      95 |  97.9
   Depths:3 |   25033 |   15656 |  38.5 |      32 |      28 |  46.7
   Depths:4 |   24962 |   19582 |  44.0 |      25 |      16 |  39.0
      Zot:1 |   56773 |   24679 |  30.3 |      48 |      16 |  25.0
      Zot:2 |   49088 |    1341 |   2.7 |      40 |       1 |   2.4
      Zot:3 |   30659 |     505 |   1.6 |      21 |       1 |   4.5
      Zot:4 |   32183 |   29345 |  47.7 |      27 |      13 |  32.5
      Zot:5 |   28270 |   71401 |  71.6 |      23 |      32 |  58.2
     WizLab |       0 |   27233 | 100.0 |       0 |      65 | 100.0
   Gauntlet |       0 |    5572 | 100.0 |       0 |      15 | 100.0
            +---------+---------+-------+---------+---------+-------

Skill      XL: |  1  2  3  4  5  6  7  8  9 10 11 12 13 14 15 16 17 18 19 20 21 22 23 24 25 26 27 |
---------------+----------------------------------------------------------------------------------+-----
Stealth        | 1 2 3 4 6 |  6.0
Fire Magic     | 3 4 5 |  5.0
Spellcasting   | 2 3 6 7 8 |  8.0
Fighting       | 4 5 6 8 10 11 12 13 15 16 17 19 20 22 23 24 25 26 27 | 27.0
Unarmed Combat | 4 5 6 8 10 11 12 13 15 16 17 19 20 21 22 23 24 25 26 | 26.0
Shapeshifting  | 2 3 4 6 8 10 14 16 17 18 19 20 | 20.0
Dodging        | 3 5 8 9 11 13 14 16 17 18 19 20 22 23 24 26 27 | 27.0
Evocations     | 3 4 10 11 | 11.3
Hexes          | 1 7 8 |  8.0
Translocations | 4 12 13 14 15 | 15.0
Ice Magic      | 1 |  1.0
Air Magic      | 5 6 7 |  7.4

Action                     |  1- 3 |  4- 6 |  7- 9 | 10-12 | 13-15 | 16-18 | 19-21 | 22-24 | 25-27 || total
---------------------------+-------+-------+-------+-------+-------+-------+-------+-------+-------++-------
  Melee: Unarmed           |    54 |    56 |    92 |   570 |  1359 |  1232 |  1474 |  1115 |  1065 ||  7017
         Bite              |     2 |     2 |     9 |    73 |   197 |   173 |   220 |   140 |   154 ||   970
         Punch             |       |       |     4 |    43 |   103 |   159 |   201 |   188 |   176 ||   874
   Cast: Scorch            |     9 |    58 |   163 |   263 |    41 |     3 |       |       |       ||   537
         Ensorcelled Hiber |       |       |       |    48 |    71 |     7 |       |       |       ||   126
         Confusing Touch   |       |       |       |     3 |     3 |       |       |       |       ||     6
         Manifold Assault  |       |       |       |       |     9 |    54 |   125 |   214 |   222 ||   624
         Blink             |       |       |       |       |       |     1 |       |       |     1 ||     2
         Lesser Beckoning  |       |       |       |       |       |    16 |    23 |     1 |       ||    40
         Vhi's Electric Ch |       |       |       |       |       |       |     5 |    18 |    11 ||    34
 Invoke: Foxfire Swarm     |       |     1 |     2 |     1 |       |       |       |       |       ||     4
         Fiery Armour      |       |       |     1 |       |     1 |       |       |       |     1 ||     3
         Rising Flame      |       |       |       |       |       |       |       |     1 |       ||     1
  Evoke: Wand              |       |       |     2 |     6 |     2 |       |     2 |       |     2 ||    14
         Lightning rod     |       |       |       |       |     3 |       |       |       |       ||     3
         Sack of spiders   |       |       |       |       |     1 |     1 |       |       |       ||     2
         Condenser vane    |       |       |       |       |       |       |       |       |     1 ||     1
    Use: Scroll            |       |     5 |     4 |     8 |    14 |     5 |     9 |     4 |    14 ||    63
         Potion            |       |       |       |     2 |     1 |     3 |     6 |    14 |    27 ||    53
   Stab: Sleeping          |     3 |     5 |     6 |    30 |    29 |    17 |    16 |    12 |     4 ||   122
         Distracted        |       |       |       |     1 |     4 |     5 |       |     2 |     2 ||    14
         Confused          |       |       |       |     3 |       |       |       |       |     1 ||     4
         Invisible         |       |       |       |       |       |       |       |       |     3 ||     3
 Armour: Skin              |    19 |    32 |    74 |   193 |   424 |   571 |   654 |   396 |   493 ||  2856
  Dodge: Dodged            |    54 |    39 |   166 |   701 |  1485 |  1812 |  2164 |  1680 |  1679 ||  9780
   Form: Beast             |       |       |     1 |       |     2 |       |       |       |       ||     3
         Flux              |       |       |       |       |     3 |       |       |       |       ||     3
         Blade             |       |       |       |       |     3 |       |       |       |       ||     3
         Statue            |       |       |       |       |       |     1 |       |     2 |       ||     3
         Dragon            |       |       |       |       |       |       |       |     1 |       ||     1
         Storm             |       |       |       |       |       |       |       |     1 |       ||     1

Illustrated notes

Table legend:
 A = Kills in this place as a percentage of kills in the entire game.
 B = Kills by you in this place as a percentage of kills by you in the entire game.
 C = Kills by friends in this place as a percentage of kills by friends in the entire game.
 D = Other kills in this place as a percentage of other kills in the entire game.
 E = Experience gained in this place as a percentage of experience gained in the entire game.
 F = Experience gained in this place divided by the number of levels of this place that you have seen.
                   A       B       C       D       E      F
               +-------+-------+-------+-------+-------+----------------------
         Total | 100.0 | 100.0 | 100.0 | 100.0 | 100.0 | 25727.3
       Dungeon |  18.1 |  18.2 |   0.0 |   0.0 |   6.2 | 5646.5
          Lair |  10.9 |  10.9 |   0.0 |   0.0 |   5.1 | 13793.8
         Swamp |   4.4 |   4.4 |   0.0 |   0.0 |   4.8 | 16221.2
     Snake Pit |   7.3 |   7.3 |   0.0 | 100.0 |   7.0 | 23993.5
    Slime Pits |   7.5 |   7.3 | 100.0 |   0.0 |   8.0 | 21701.0
  Orcish Mines |   4.5 |   4.5 |   0.0 |   0.0 |   0.9 | 5991.0
        Vaults |  12.6 |  12.6 |   0.0 |   0.0 |  15.5 | 52778.8
         Crypt |   9.8 |   9.8 |   0.0 |   0.0 |  10.4 | 47402.0
        Depths |  11.5 |  11.5 |   0.0 |   0.0 |  15.7 | 53399.5
           Zot |   9.9 |   9.9 |   0.0 |   0.0 |  24.1 | 65762.0
        Wizlab |   2.8 |   2.8 |   0.0 |   0.0 |   2.0 | 27233.0
      Gauntlet |   0.7 |   0.7 |   0.0 |   0.0 |   0.4 | 5572.0
               +-------+-------+-------+-------+-------+----------------------

Table legend: (Time is in decaauts)
 A = Elapsed time spent in this place.
 B = Non-inter-level travel time spent in this place.
 C = Inter-level travel time spent in this place.
 D = Time resting spent in this place.
 E = Time spent auto-exploring this place.
 F = Levels seen in this place.
 G = Mean time per level.
                   A        B        C        D        E       F      G
               +--------+--------+--------+--------+--------+-----+--------+
         Total |  90097 |  83247 |   6850 |  26663 |  27703 |  53 | 1699.9 |
       Dungeon |  22476 |  19391 |   3085 |   7166 |   4745 |  15 | 1498.4 |
          Lair |  11864 |  10662 |   1202 |   4384 |   1434 |   5 | 2372.8 |
         Swamp |   5523 |   5267 |    256 |   1043 |   2899 |   4 | 1380.8 |
     Snake Pit |   6428 |   6194 |    234 |   2089 |   1647 |   4 | 1607.0 |
    Slime Pits |   4151 |   3853 |    298 |   1656 |    745 |   5 |  830.2 |
  Orcish Mines |   2056 |   1954 |    102 |    574 |    503 |   2 | 1028.0 |
        Vaults |  10382 |   9827 |    555 |   2085 |   5294 |   4 | 2595.5 |
         Crypt |   6755 |   6552 |    203 |   1536 |   2871 |   3 | 2251.7 |
        Depths |   9137 |   8669 |    468 |   2057 |   4429 |   4 | 2284.2 |
           Zot |   9398 |   8955 |    443 |   3698 |   2856 |   5 | 1879.6 |
        Wizlab |   1188 |   1188 |      0 |    156 |     75 |   1 | 1188.0 |
      Gauntlet |    734 |    734 |      0 |    212 |    202 |   1 |  734.0 |
               +--------+--------+--------+--------+--------+-----+--------+

Top non-repeatable levels by time:
  Lair:3: 4159 daAuts
Depths:2: 3201 daAuts
   Zot:1: 3156 daAuts
    D:11: 3082 daAuts
 Crypt:3: 2972 daAuts
Vaults:2: 2972 daAuts
Vaults:3: 2624 daAuts
  Lair:4: 2400 daAuts
Vaults:1: 2397 daAuts
Vaults:4: 2388 daAuts
  Lair:1: 2210 daAuts
   Zot:5: 2191 daAuts
 Snake:4: 2084 daAuts
Depths:3: 2049 daAuts
 Snake:2: 2028 daAuts
